 Dungeon Crawl Stone Soup version 0.24-a0-736-g4e6fe308c7 (webtiles) character file.

Game seed: 14574102995887929502, levelgen mode: deterministic

1172629 Johnny the Petrodigitator (level 27, -5/315 HPs)
             Began as a Demigod Earth Elementalist on Oct 1, 2019.
             Killed by a guardian mummy's death curse (29 damage)
             ... on level 18 of a ziggurat on Oct 2, 2019.
             The game lasted 06:17:09 (103335 turns).

Johnny the Petrodigitator (DgEE)                  Turns: 103335, Time: 06:17:10

Health: -5/315     AC: 35    Str:  7      XL:     27
Magic:  33/85      EV: 23    Int: 39 (41) God:
Gold:   8471       SH:  0    Dex:  8 (11) Spells: 2/80 levels left

rFire    + + .     SeeInvis .   m - staff of power
rCold    + . .     Gourm    .   (no shield)
rNeg     + + +     Faith    .   (armour currently unavailable)
rPois    ∞         Spirit   .   V - +2 hat {MR+}
rElec    +         Reflect  .   O - scarf {repulsion}
rCorr    .         Harm     .   (gloves currently unavailable)
MR       +++..                  (boots currently unavailable)
Stlth    ++........             r - amulet of magic regeneration
HPRegen  0.62/turn              A - ring of Pokhu {rF+ rC+ rN+ MP+9 Int+3}
MPRegen  0.74/turn              f - ring of Sisiaps {rN++ EV+3 Int+3 Dex-5}

@: statue-form, slowed, studying Slings, repel missiles, very slow
A: dopey 1, fire resistance 1, frail 1, high mp 1, screaming 1, electricity
resistance, weak 2, MP-powered wands
}: 11/15 runes: serpentine, barnacled, slimy, silver, iron, abyssal, demonic,
glowing, magical, fiery, dark
a: End Transformation


You were on level 18 of a ziggurat.
You were very full.
You were a stone statue.
You visited 13 branches of the dungeon, and saw 61 of its levels.
You visited Pandemonium 1 time, and saw 20 of its levels.
You visited the Abyss 6 times.
You visited 1 bazaar.
You visited 1 ziggurat, and saw 18 of its levels.
You also visited: Ossuary, Ice Cave, Volcano and Desolation.

You collected 13626 gold pieces.
You spent 5155 gold pieces at shops.

Inventory:

Hand Weapons
 s - the +4 staff of Dispater
   (You took it off Dispater on level 7 of the Iron City of Dis)
Missiles
 b - 1234 stones (quivered)
Armour
 c - the +1 pair of boots "Zosonn" {rF+ Str+5 Int+3 Stlth-}
   (You found it on level 2 of the Vaults)

   It affects your strength (+5).
   It affects your intelligence (+3).
   It protects you from fire.
   It makes you less stealthy.
 p - the +0 pair of boots of a treasure trove {rC++ rCorr Str-4 Dex+3}
   (You acquired it on level 9 of a ziggurat)

   It affects your strength (-4).
   It affects your dexterity (+3).
   It greatly protects you from cold.
   It provides partial protection from all sources of acid and corrosion.
 v - the +5 faerie dragon scales (melded) {+Blink rElec Regen+ rCorr Dex+4}
   (You found it on level 3 of the Depths)

   It affects your dexterity (+4).
   It insulates you from electricity.
   It lets you blink.
   It increases your rate of regeneration.
   It provides partial protection from all sources of acid and corrosion.
 B - the +0 pair of gloves of Honour (melded) {rC+ rN+ MR+ Int-4}
   (You bought it in a shop on level 2 of the Shoals)

   It affects your intelligence (-4).
   It protects you from cold.
   It protects you from negative energy.
   It affects your resistance to hostile enchantments.
 E - the +1 leather armour of Semeag {rElec MP+9 Int+8 Dex-2}
   (You found it on level 12 of a ziggurat)

   It affects your intelligence (+8).
   It affects your dexterity (-2).
   It insulates you from electricity.
   It affects your magic capacity (+9).
 F - the +2 pair of gloves "Uti Xitz" {rF+ Str+3}
   (You found it in an ice cave)

   It affects your strength (+3).
   It protects you from fire.
 G - a scarf of resistance
 L - a +2 pair of boots of running (melded)
 N - the +0 cloak of Vanity {rC++ Dex+3 Stlth-}
   (You found it on level 2 of the Crypt)

   It affects your dexterity (+3).
   It greatly protects you from cold.
   It makes you less stealthy.
 O - a scarf of repulsion (worn)
 V - a +2 hat of magic resistance (worn)
 Z - the +0 cloak "Egruq" {rPois rN+ Str-5}
   (You bought it in a shop in a bazaar)

   It affects your strength (-5).
   It protects you from poison.
   It protects you from negative energy.
Magical Staves
 m - an uncursed staff of power (weapon)
 J - an uncursed staff of earth
 Y - an uncursed staff of energy
Jewellery
 f - the ring of Sisiaps (right hand) {rN++ EV+3 Int+3 Dex-5}
   (You found it on level 10 of a ziggurat)

   [ring of evasion]

   It affects your evasion (+3).
   It affects your intelligence (+3).
   It affects your dexterity (-5).
   It greatly protects you from negative energy.
 r - an amulet of magic regeneration (around neck)
 A - the ring of Pokhu (left hand) {rF+ rC+ rN+ MP+9 Int+3}
   (You found it on level 6 of the Dungeon)

   [ring of positive energy]

   It affects your intelligence (+3).
   It protects you from fire.
   It protects you from cold.
   It protects you from negative energy.
   It affects your magic capacity (+9).
 R - the ring of Vuduugea {rElec rPois Dex-5 Stlth-}
   (You took it off an efreet in Pandemonium)

   [ring of attention]

   It affects your dexterity (-5).
   It insulates you from electricity.
   It protects you from poison.
   It makes you less stealthy.
Wands
 g - a wand of digging (1)
Scrolls
 a - 31 scrolls of remove curse
 h - 2 scrolls of fog
 k - 3 scrolls of fear
 l - a scroll of silence
 n - 6 scrolls of teleportation
 q - 21 scrolls of immolation
 u - 13 scrolls of magic mapping
 w - 7 scrolls of torment
 S - 8 scrolls of vulnerability
 T - a scroll of blinking
Potions
 e - 3 potions of might
 i - 4 potions of brilliance
 j - a potion of haste
 o - 9 potions of berserk rage
 t - 16 potions of flight
 x - 6 potions of resistance
 z - 5 potions of lignification
 D - 4 potions of curing
 M - 2 potions of cancellation
 W - a potion of experience
 X - 7 potions of mutation
Books
 P - a manual of Slings
Miscellaneous
 y - a phial of floods
 H - 6 phantom mirrors
 I - 3 boxes of beasts
 K - a sack of spiders
 Q - a lamp of fire
 U - a lightning rod (4/4)
Comestibles
 d - 81 rations


   Skills:
 - Level 26.5 Fighting
 - Level 21.8 Armour
 - Level 18.0 Dodging
 - Level 1.7 Stealth
 O Level 27 Spellcasting
 - Level 10.3 Necromancy
 + Level 15.7 Translocations
 - Level 8.5 Transmutations
 O Level 27 Earth Magic


You had 2 spell levels left.
You knew the following spells:

 Your Spells              Type           Power        Failure   Level  Hunger
a - Sandblast             Erth           ######       0%          1    None
b - Stone Arrow           Conj/Erth      ######       0%          3    None
c - Lee's Rapid Deconstr  Erth           ########..   0%          5    None
d - Petrify               Tmut/Erth      ########     0%          4    None
e - Borgnjor's Vile Clut  Necr/Erth      ########..   0%          5    None
f - Shatter               Erth           ########..   1%          9    None
g - Leda's Liquefaction   Hex/Erth       ########..   0%          4    None
h - Regeneration          Chrm/Necr      #######...   1%          3    None
i - Iron Shot             Conj/Erth      ########..   1%          6    None
j - Statue Form           Tmut/Erth      ########.    1%          6    None
k - Summon Butterflies    Summ           ######..     1%          1    None
l - Sticky Flame          Conj/Fire      ######..     3%          4    None
m - Blink                 Tloc           N/A          0%          2    None
n - Aura of Abjuration    Summ           ######....   9%          5    None
o - Lehudib's Crystal Sp  Conj/Erth      ########..   9%          8    None
p - Controlled Blink      Tloc           N/A          3%          8    None
q - Shroud of Golubria    Chrm/Tloc      ######       1%          2    None
v - Sublimation of Blood  Necr           #######...   0%          2    None

Your spell library contained the following spells:

 Spells                   Type           Power        Failure   Level  Hunger
 Animate Skeleton         Necr           N/A          0%          1    None
 Apportation              Tloc           ######       0%          1    None
 Beastly Appendage        Tmut           ######       0%          1    None
 Pain                     Necr           ####         0%          1    None
 Corpse Rot               Necr           N/A          0%          2    None
 Passwall                 Tmut/Erth      ########     0%          2    None
 Sticks to Snakes         Tmut           #######.     0%          2    None
 Confusing Touch          Hex            ######       1%          1    None
 Corona                   Hex            ######.      1%          1    None
 Flame Tongue             Conj/Fire      #####        1%          1    None
 Freeze                   Ice            ####         1%          1    None
 Infusion                 Chrm           ####         1%          1    None
 Magic Dart               Conj           ####         1%          1    None
 Shock                    Conj/Air       ####         1%          1    None
 Sting                    Conj/Pois      ####         1%          1    None
 Summon Small Mammal      Summ           ####         1%          1    None
 Call Imp                 Summ           ######..     1%          2    None
 Ensorcelled Hibernation  Hex/Ice        ######       1%          2    None
 Poisonous Vapours        Pois/Air       ######       1%          2    None
 Searing Ray              Conj           ######       1%          2    None
 Slow                     Hex            ######..     1%          2    None
 Song of Slaying          Chrm           ######..     1%          2    None
 Swiftness                Chrm/Air       ######..     1%          2    None
 Throw Flame              Conj/Fire      ######       1%          2    None
 Throw Frost              Conj/Ice       ######       1%          2    None
 Gell's Gravitas          Tloc           ########..   0%          3    None
 Lesser Beckoning         Tloc           ########..   0%          3    None
 Teleport Other           Tloc           ########     0%          3    None
 Vampiric Draining        Necr           #######...   0%          3    None
 Passage of Golubria      Tloc           N/A          0%          4    None
 Call Canine Familiar     Summ           ######..     1%          3    None
 Confuse                  Hex            ######..     1%          3    None
 Conjure Flame            Conj/Fire      ######..     1%          3    None
 Dazzling Spray           Conj/Hex       ######       1%          3    None
 Ignite Poison            Fire/Tmut/Pois ######..     1%          3    None
 Inner Flame              Hex/Fire       ######..     1%          3    None
 Mephitic Cloud           Conj/Pois/Air  ######..     1%          3    None
 Ozocubu's Armour         Chrm/Ice       ######..     1%          3    None
 Portal Projectile        Hex/Tloc       ######       1%          3    None
 Recall                   Summ/Tloc      N/A          1%          3    None
 Spectral Weapon          Hex/Chrm       ######..     1%          3    None
 Spider Form              Tmut/Pois      ######....   1%          3    None
 Static Discharge         Conj/Air       ######..     1%          3    None
 Summon Guardian Golem    Hex/Summ       ######..     1%          3    None
 Tukima's Dance           Hex            ######..     1%          3    None
 Animate Dead             Necr           N/A          1%          4    None
 Force Lance              Conj/Tloc      #######.     1%          4    None
 Ice Form                 Ice/Tmut       ######..     1%          4    None
 Alistair's Intoxication  Tmut/Pois      ######..     1%          5    None
 Blade Hands              Tmut           #######...   1%          5    None
 Bolt of Draining         Conj/Necr      #######...   1%          5    None
 Bolt of Magma            Conj/Fire/Erth #######...   1%          5    None
 Irradiate                Conj/Tmut      ######....   1%          5    None
 Summon Forest            Summ/Tloc      #######...   1%          5    None
 Yara's Violent Unravell  Hex/Tmut       ######....   1%          5    None
 Death Channel            Necr           #######...   1%          6    None
 Dispersal                Tloc           ########..   1%          6    None
 Hydra Form               Tmut           #######...   1%          6    None
 Airstrike                Air            ######....   3%          4    None
 Fulminant Prism          Conj/Hex       ######....   3%          4    None
 Iskenderun's Mystic Bla  Conj           ######..     3%          4    None
 Olgreb's Toxic Radiance  Pois           ######..     3%          4    None
 Summon Ice Beast         Ice/Summ       ######..     3%          4    None
 Summon Lightning Spire   Summ/Air       ######..     3%          4    None
 Throw Icicle             Conj/Ice       ######..     3%          4    None
 Disjunction              Tloc           ########..   3%          8    None
 Simulacrum               Ice/Necr       #######...   6%          6    None
 Fireball                 Conj/Fire      ######....   9%          5    None
 Lightning Bolt           Conj/Air       ######....   9%          5    None
 Metabolic Englaciation   Hex/Ice        ######....   9%          5    None
 Silence                  Hex/Air        ######....   9%          5    None
 Summon Demon             Summ           ######....   9%          5    None
 Summon Mana Viper        Hex/Summ       ######..     9%          5    None
 Venom Bolt               Conj/Pois      ######....   9%          5    None
 Dragon Form              Tmut           #######...   9%          7    None
 Malign Gateway           Summ/Tloc      #######...   11%         7    None
 Bolt of Cold             Conj/Ice       ######....   45%         6    None
 Bolt of Fire             Conj/Fire      ######....   45%         6    None
 Conjure Ball Lightning   Conj/Air       ######....   45%         6    None
 Darkness                 Hex            ######....   45%         6    None
 Deflect Missiles         Chrm/Air       ######....   45%         6    None
 Freezing Cloud           Conj/Ice/Air   ######....   45%         6    None
 Invisibility             Hex            ######..     45%         6    None
 Ozocubu's Refrigeration  Ice            ######....   45%         6    None
 Poison Arrow             Conj/Pois      ######....   45%         6    None
 Shadow Creatures         Summ           N/A          45%         6    None
 Monstrous Menagerie      Summ           ######....   95%         7    None
 Ring of Flames           Chrm/Fire      ######....   95%         7    None
 Summon Greater Demon     Summ           ######....   95%         7    None
 Summon Hydra             Summ           ######....   95%         7    None
 Chain Lightning          Conj/Air       ######....   100%        8    None
 Ignition                 Fire           ######....   100%        8    None
 Summon Horrible Things   Summ           ######....   100%        8    None
 Fire Storm               Conj/Fire      ######....   100%        9    None
 Glaciate                 Conj/Ice       ######....   100%        9    None
 Tornado                  Air            ######....   100%        9    None


Dungeon Overview and Level Annotations

Branches:
Dungeon (15/15)            Temple (0/1) D:4            Lair (6/6) D:9
 Shoals (4/4) Lair:2        Snake (4/4) Lair:3        Slime (5/5) Lair:5
    Orc (2/2) D:9             Elf (3/3) Orc:2        Vaults (5/5) D:13
  Crypt (3/3) Vaults:2       Tomb (1/3) Crypt:3      Depths (5/5) D:15
   Hell (visited)             Dis (7/7) Hell            Coc (0/7) Hell
    Zot (0/5) Depths:5    Ossuary (visited)           IceCv (visited)
Volcano (visited)         Desolation (visited)
    Geh: Hell:1         Tar: Hell:1

Shops:
D:5 }   D:7 (   D:9 *}*(   D:11 }   D:14 :   Orc:2 [(*(   Elf:1 :   Shoals:2 [
Shoals:4 (   Snake:3 [}?:%   Vaults:1 !   Vaults:2 =   Vaults:3 (   Vaults:5 =

Portals:
Hell: Depths:1 Depths:2 Depths:3 Depths:4 Depths:5
Abyss: Depths:2 Depths:4
Pandemonium: Depths:3 Depths:4

Annotations:
Lair:1 2 transporters, oberejnoburuli's ghost, journeyman DsGl
Lair:4 3 runed translucent doors, DevastatorOne's ghost, journeyman DsGl
Elf:1 29 runed doors
Elf:2 3 runed translucent doors
Vaults:2 Qyisuosupp's ghost, adept MiBe
Crypt:2 1 transporter


Innate Abilities, Weirdness & Mutations

You have an increased reservoir of magic. (+10% MP)
((You are partially covered in slimy green scales. (AC +2)))
You are dopey. (Int -2)
Your flesh is heat resistant. (rF+)
You are frail. (-10% HP)
You occasionally shout uncontrollably at your foes.
You are resistant to electric shocks. (rElec)
You are very weak. (Str -4)
You expend magic power (3 MP) to strengthen your wands.


Message History

Confirm with . or Enter, or press ? or * to list all spells.
The dungeon rumbles!
The soul eater is heavily wounded.
The emperor scorpion is heavily wounded.
You destroy the greater mummy!
The emperor scorpion disappears in a puff of smoke!
You feel your strength returning.
The flayed ghost is lightly damaged.
The flayed ghost is heavily damaged.
You destroy the greater mummy!
The flayed ghost disappears in a puff of smoke! x2
You feel your strength returning.
You destroy the spriggan defender skeleton!
You destroy the flying skull!
You destroy the guardian mummy!
You destroy the mummy priest!
You destroy the ushabti!
You feel extremely nervous for a moment...
You feel terrible.
You feel extremely nervous for a moment...
You convulse helplessly as pain tears through your body!
You die...

.........▓
..........▓▓
.......§.#.▓▓
...☼.○.§....▓▓
.°☼○○☼○○.....▓▓
.○..○°☼○§.....▓▓
.☼°..○§°°......▓▓
.......§§.....∩.▓
.○°.°○°☼8......▓▓
.○..☼°.°○3....▓▓
..○.○○.......▓▓
..☼°........▓▓
....°☼.....▓▓
..........▓▓
.........▓▓
▓▓▓▓▓▓▓▓▓


You could see a soul eater.

Vanquished Creatures
  Cerebov (Pan)
  Gloorx Vloq (Pan)
  the Royal Jelly (Slime:5)
  Mnoleg (Pan)
  6 ancient liches
  Dispater (Dis:7)
  Mennas (Vaults:2)
  6 pandemonium lords (Pan)
  Mara (Shoals:3)
  12 juggernauts
  28 greater mummies
  Sojobo (Depths:4)
  Boris (thrice) (Tomb:1 Depths:1 Depths:4)
  Bai Suzhen (Crypt:3)
  2 shard shrikes (Zig:17)
  Xtahua (Vaults:5)
  Geryon (Hell)
  6 caustic shrikes
  8 golden dragons
  2 profane servitors
  Nikola (Vaults:1)
  Jory (Crypt:3)
  8 bone dragons
  An iron giant (shapeshifter) (Depths:4)
  2 Tzitzimimeh (Pan)
  7 Brimstone Fiends
  Jorgrun (Shoals:2)
  15 Hell Sentinels
  13 iron giants
  7 Ice Fiends
  15 tentacled monstrosities
  3 deep elf blademasters
  8 titans
  2 quicksilver dragons (Depths:4)
  13 liches
  A deep elf master archer (Elf:3)
  35 Executioners
  Gastronok (Lair:3)
  Polyphemus (Shoals:2)
  27 tentacled starspawn
  22 acid blobs
  13 ancient champions
  An eldritch tentacle (Pan)
  3 krakens
  19 sphinxes
  A thorn hunter (Abyss:5)
  11 storm dragons
  22 nagarajas
  A daeva (Abyss:1)
  10 tengu reavers
  2 revenants (Crypt:2)
  Ilsuiw (Shoals:2)
  Aizul (Shoals:2)
  9 deep elf sorcerers
  4 shadow dragons
  9 azure jellies
  2 ghost moths
  The ghost of Faeck the Covert, a journeyman OpEE of Nemelex Xobeh (D:13)
  Donald (Shoals:2)
  10 fire giants
  24 frost giants
  18 vault wardens
  9 iron dragons
  6 orc warlords
  2 draconian knights
  An emperor scorpion (Zig:11)
  Louise (D:15)
  11 corrupters (Pan)
  32 balrugs
  2 draconian scorchers
  5 draconian stormcallers
  6 curse skulls
  2 juggernaut zombies (Zig:15)
  11 ghouls
  5 draconian shifters
  6 deep elf elementalists
  24 cacodemons
  6 warmongers (Pan)
  20 ironheart preservers
  4 entropy weavers
  5 draconian annihilators
  9 spriggan defenders
  44 very ugly things
  25 reapers
  26 stone giants
  21 war gargoyles
  3 black draconians
  4 blood saints (Pan)
  3 black suns (Pan)
  An ophan (Abyss:5)
  6 vampire knights
  9 lorocyprocas (Pan)
  5 deep elf demonologists
  6 bennus (Tomb:1)
  4 green draconians
  A dire elephant (shapeshifter) (Elf:3)
  12 deep elf annihilators
  3 white draconians
  2 yellow draconians
  3 red draconians
  Snorg (D:12)
  7 eidola
  11 blizzard demons
  13 death oozes (Slime:5)
  6 merfolk javelineers
  3 purple draconians
  7 spark wasps
  23 green deaths
  16 merfolk impalers
  2 jiangshi (Crypt:2)
  25 ettins
  Josephine (D:14)
  An ettin (shapeshifter) (Depths:4)
  8 deep elf death magi
  16 mummy priests
  19 fire dragons
  The ghost of Uxec the Blocker, a journeyman VSFi of Qazlal (D:13)
  11 great orbs of eyes
  19 ice dragons
  A servant of whispers (Desolation)
  2 quicksilver dragon zombies
  Harold (D:8)
  7 deep elf high priests
  39 vault guards
  Erolcha (Orc:1)
  26 naga warriors
  15 rakshasas
  4 monstrous demonspawn (Pan)
  A ghost crab (Zig:3)
  15 yaktaur captains
  2 peacekeepers (Elf:2)
  11 centaur warriors
  7 spriggan air magi
  A shambling mangrove (Abyss:1)
  3 catoblepae
  15 anacondas
  4 merfolk avatars
  5 hydras
  2 juggernaut simulacra (Zig:17)
  An anaconda (shapeshifter) (Vaults:5)
  3 hell beasts (Pan)
  Erica (D:11)
  41 two-headed ogres
  15 ogre magi
  6 merfolk aquamancers
  A two-headed ogre (shapeshifter) (Depths:2)
  3 alligator snapping turtles
  8 death knights
  20 dancing weapons
  3 orc high priests
  13 deep troll earth magi
  A tengu warrior (Depths:2)
  24 death scarabs
  4 satyrs
  11 deep troll shamans
  6 spriggan berserkers
  10 shock serpents
  15 naga sharpshooters
  9 hell hogs
  A shock serpent (shapeshifter) (Vaults:4)
  Urug (D:12)
  3 titan zombies
  3 vampire magi
  3 death yaks (Shoals:2)
  6 holy swine (Pan)
  26 thrashing horrors
  7 iron golems
  32 soul eaters
  44 sun demons
  12 hell knights
  A spatial maelstrom (Abyss:5)
  10 spriggans
  2 fire crabs (shapeshifter)
  7 shadow wraiths
  10 deep elf knights
  17 wretched stars
  13 sea snakes
  A storm dragon skeleton (Abyss:2)
  5 storm dragon zombies
  79 skeletal warriors
  A swamp dragon (shapeshifter) (Vaults:1)
  A spark wasp zombie (Zig:15)
  A deep troll (shapeshifter) (Vaults:3)
  2 anaconda zombies
  61 starcursed masses
  An unseen horror (shapeshifter) (Vaults:2)
  A death drake (Abyss:4)
  4 infernal demonspawn (Pan)
  24 deep trolls
  35 sixfirhies
  12 glowing orange brains
  12 iron trolls
  7 orange crystal statues
  11 shadow demons
  2 golden dragon zombies (Dis:7)
  9 flayed ghosts
  6 torturous demonspawn (Pan)
  A cherub (Pan)
  A swamp dragon (Zig:3)
  4 unseen horrors
  A ghost moth zombie (Crypt:3)
  4 tengu zombies (Zig:15)
  10 naga ritualists
  11 deep elf archers
  7 wizards
  An obsidian statue (Zig:10)
  8 gelid demonspawn (Pan)
  3 anaconda skeletons
  32 phantasmal warriors
  5 wolf spider zombies
  4 stone giant zombies
  26 harpies
  2 shadow dragon zombies (Dis:7)
  19 orc knights
  6 orb spiders (Zig:11)
  6 wolf spiders
  22 ironbrand convokers
  10 necromancers
  4 oklob plants (Lair:1)
  A tengu skeleton (Vaults:5)
  50 deep elf magi
  49 ugly things
  18 fauns
  3 frost giant zombies
  9 orc sorcerers
  19 manticores
  7 mana vipers
  8 salamanders
  A shining eye (shapeshifter) (Depths:4)
  3 salamanders (shapeshifter)
  6 worldbinders
  21 cyclopes
  9 shining eyes
  A fire giant zombie (Vaults:5)
  6 elephants
  5 frost giant skeletons
  A titan simulacrum (Zig:17)
  A human skeleton (Vaults:5)
  18 vault sentinels
  32 rust devils
  11 merfolk sirens
  3 moths of wrath
  A guardian serpent (shapeshifter) (Vaults:2)
  An apocalypse crab (Abyss:3)
  An iron dragon skeleton (Tomb:1)
  2 molten gargoyles (Volcano)
  4 dire elephant zombies
  25 naga magi
  9 guardian serpents
  6 eyes of devastation
  A torpor snail (Lair:6)
  6 ice statues
  3 gargoyles
  39 smoke demons
  46 black mambas
  11 water nymphs
  A shock serpent skeleton (Pan)
  20 spiny frogs
  24 freezing wraiths
  3 centaur skeletons
  An emperor scorpion zombie (Dis:7)
  46 yaktaurs
  5 komodo dragons
  37 orange demons
  14 hellions
  40 tormentors
  9 efreet
  6 rime drakes
  A komodo dragon (shapeshifter) (Depths:4)
  A catoblepas zombie (Abyss:2)
  22 demonic crawlers
  4 golden dragon simulacra
  28 hellwings
  A harpy zombie (Crypt:3)
  A black draconian skeleton (Crypt:2)
  4 tengu conjurers
  2 anaconda simulacra
  21 guardian mummies
  37 red devils
  22 ice devils
  4 jumping spiders
  17 ancient zymes
  16 trolls
  A troll (shapeshifter) (Depths:4)
  2 jumping spiders (shapeshifter)
  6 wind drakes
  35 merfolk
  9 hornets
  113 large abominations
  2 hydra zombies
  34 raiju
  A sphinx simulacrum (Vaults:3)
  4 tyrant leeches (Lair:6)
  A hornet (shapeshifter) (Vaults:1)
  A blink frog (shapeshifter) (Abyss:2)
  A raiju (shapeshifter) (Depths:3)
  21 blink frogs
  4 hydra skeletons
  3 bog bodies (Crypt:2)
  A fire dragon zombie (Crypt:3)
  A satyr zombie (Crypt:2)
  A snapping turtle (shapeshifter) (Vaults:5)
  A dream sheep (shapeshifter) (Depths:2)
  11 snapping turtles
  A slime creature (shapeshifter) (Elf:3)
  10 saltlings (Desolation)
  An ice dragon zombie (Crypt:3)
  7 ettin zombies
  14 hippogriffs
  6 dream sheep
  86 slime creatures
  A frost giant simulacrum (Vaults:3)
  3 ettin skeletons
  2 fire dragon skeletons
  A satyr skeleton (Crypt:1)
  25 ynoxinuls
  2 air elementals
  41 flying skulls
  A tarantella (Zig:11)
  An alligator skeleton (Crypt:2)
  2 elf simulacra (Zig:17)
  An ice dragon skeleton (Pan)
  4 elf zombies
  9 shadows
  4 dire elephant simulacra
  11 redbacks
  22 water elementals
  33 wraiths
  A basilisk (D:14)
  4 black mamba skeletons
  A vampire (Abyss:2)
  A wind drake zombie (Crypt:2)
  A hog (shapeshifter) (D:12)
  67 yaks
  2 humans (shapeshifter)
  4 wyverns
  5 ushabtiu
  5 fire elementals
  15 golden eyes
  25 chaos spawn
  40 neqoxecs
  5 fire bats (Volcano)
  3 hungry ghosts
  A steam dragon (shapeshifter) (Depths:4)
  Grum (D:8)
  10 vampire mosquitoes
  2 death yak simulacra (IceCv)
  A deep troll zombie (Vaults:5)
  3 insubstantial wisps (Abyss:2)
  A spatial vortex (Dis:7)
  3 harpy simulacra (IceCv)
  7 wargs
  46 nagas
  An infernal demonspawn zombie (Crypt:3)
  35 small abominations
  2 acid dragons
  A floating eye (shapeshifter) (Vaults:5)
  6 hydra simulacra (IceCv)
  13 water moccasins
  Duvessa (D:6)
  19 hell hounds
  A spiny frog zombie (Dis:7)
  2 hornet zombies
  A monstrous demonspawn skeleton (Crypt:1)
  A floating eye (Abyss:5)
  9 porcupines
  4 sky beasts
  82 orc warriors
  A swamp dragon zombie (Crypt:3)
  13 necrophages (Crypt:3)
  An ettin simulacrum (Vaults:3)
  2 ice beasts (shapeshifter)
  2 snapping turtle skeletons
  8 eyes of draining
  A wolf (shapeshifter) (Vaults:2)
  16 boggarts
  9 ice beasts
  30 centaurs
  A dream sheep zombie (Crypt:2)
  45 ogres
  A phantom (D:7)
  3 spiny frog skeletons (Hell)
  2 torpor snail zombies (Crypt:1)
  36 wolves
  A lindwurm skeleton (Crypt:2)
  14 crocodiles
  A rime drake zombie (Crypt:2)
  2 elf skeletons
  A bullfrog (shapeshifter) (Vaults:2)
  A big kobold (D:8)
  A rime drake skeleton (Crypt:2)
  A draconian skeleton (Crypt:1)
  34 bullfrogs
  9 earth elementals
  Dowan (D:6)
  3 gnoll sergeants
  9 wyvern skeletons
  4 scorpions
  A shapeshifter zombie (Crypt:1)
  A snapping turtle simulacrum (Abyss:3)
  An orc simulacrum (Vaults:1)
  2 spriggan zombies
  A human simulacrum (Vaults:2)
  20 wights
  An electric eel (Lair:6)
  4 howler monkeys
  14 crimson imps
  5 lava snakes (Volcano)
  7 centaur zombies
  A bullfrog zombie (D:11)
  5 draconian simulacra (IceCv)
  2 human zombies
  6 quasits
  A black bear zombie (Crypt:1)
  2 jellies
  20 orc priests
  6 hounds
  An iguana (shapeshifter) (Depths:5)
  41 iron imps
  Ijyb (D:4)
  4 iguanas
  36 orc wizards
  7 troll simulacra (IceCv)
  A polar bear simulacrum (IceCv)
  10 worker ants
  A wolf simulacrum (IceCv)
  A big kobold zombie (Ossuary)
  A crocodile zombie (Crypt:2)
  An ogre skeleton (Crypt:2)
  3 hound zombies
  A naga skeleton (Pan)
  2 hound skeletons
  22 mummies
  10 adders
  11 gnolls
  2 ogre simulacra (IceCv)
  A river rat (shapeshifter) (Vaults:2)
  3 naga simulacra (IceCv)
  7 shadow imps
  9 white imps
  5 ufetubi
  2 adder skeletons
  3 worms
  5 ball lightnings (Pan)
  2 dart slugs
  4 leopard geckos
  123 orcs
  A giant cockroach (D:6)
  9 goblins
  7 hobgoblins
  22 jackals
  8 quokkas
  A ball python (D:3)
  7 bats
  4 frilled lizards
  2 gnoll zombies (Ossuary)
  A goblin skeleton (Crypt:2)
  6 kobolds
  A kobold skeleton (Pan)
  3 kobold zombies (Ossuary)
  A leopard gecko skeleton (D:4)
  A leopard gecko zombie (D:5)
  3 quokka skeletons
  6 rats
  17 fungi
  6 lurking horrors
  A macabre mass (Abyss:5)
  97 plants
  13 starspawn tentacles
  4 tentacles
  14 withered plants (Crypt:3)
4688 creatures vanquished.

Vanquished Creatures (collateral kills)
  An azure jelly (Slime:1)
  An orc warlord (Orc:1)
  A ghost moth (Zig:11)
  A lorocyproca (Depths:3)
  A green death (Dis:7)
  A great orb of eyes (Vaults:2)
  A centaur warrior (Depths:3)
  A sun demon (Abyss:2)
  A ghost moth zombie (Crypt:3)
  A tormentor (Dis:7)
  3 orc warriors (Orc:1)
  2 orcs (Orc:1)
15 creatures vanquished.

Vanquished Creatures (others)
  A golden dragon (Depths:5)
  the Enchantress (Depths:3)
  A draconian annihilator (Pan)
  A green death (Pan)
  A black mamba (Zig:13)
  A smoke demon (Pan)
  A tormentor (Pan)
  2 hellwings (Pan)
  A hornet (Depths:3)
  A ynoxinul (Abyss:5)
  A centaur (Vaults:3)
  A small abomination (Abyss:2)
  2 white imps
  4 ufetubi (IceCv)
  8 ball lightnings (Pan)
  2 briar patches (Pan)
  3 demonic plants (Pan)
  12 fungi
  2 lurking horrors
  70 plants
  33 starspawn tentacles
  8 tentacles
  17 withered plants (Crypt:3)
174 creatures vanquished.

Grand Total: 4877 creatures vanquished

Notes
Turn   | Place    | Note
-------+----------+-------------------------------------------
     0 | D:1      | Johnny the Demigod Earth Elementalist began the quest for
                  | the Orb.
     0 | D:1      | Reached XP level 1. HP: 14/14 MP: 5/5
   358 | D:1      | Reached XP level 2. HP: 20/20 MP: 5/7
  1398 | D:2      | Reached XP level 3. HP: 27/27 MP: 7/9
  1558 | D:2      | Reached skill level 1 in Fighting
  2094 | D:3      | Reached XP level 4. HP: 12/35 MP: 6/11
  2934 | D:4      | Found a shadowy altar of Dithmenos.
  3165 | D:4      | Found a staircase to the Ecumenical Temple.
  3322 | D:4      | Noticed Ijyb
  3338 | D:4      | Killed Ijyb
  3338 | D:4      | Reached XP level 5. HP: 16/41 MP: 9/12
  3694 | D:5      | Entered Level 5 of the Dungeon
  3694 | D:5      | Found Ogholuch's Gadget Shoppe.
  3934 | D:5      | Reached XP level 6. HP: 48/48 MP: 10/14
  4825 | D:5      | Reached skill level 5 in Earth Magic
  4987 | D:6      | Found a sand-covered staircase.
  5001 | Ossuary  | Entered an ossuary
  5006 | Ossuary  | Learned a level 3 spell: Stone Arrow
  5012 | Ossuary  | Learned a level 5 spell: Lee's Rapid Deconstruction
  5017 | Ossuary  | Learned a level 4 spell: Petrify
  5099 | Ossuary  | Reached XP level 7. HP: 56/56 MP: 5/17
  5589 | D:6      | Noticed Duvessa
  5590 | D:6      | Noticed Dowan
  5598 | D:6      | Killed Duvessa
  5598 | D:6      | Reached skill level 5 in Spellcasting
  5603 | D:6      | Killed Dowan
  5672 | D:6      | Got a crude gossamer ring
  5715 | D:6      | Identified the ring of Pokhu {rF+ rC+ rN+ MP+9 Int+3} (You
                  | found it on level 6 of the Dungeon)
  6046 | D:7      | Reached XP level 8. HP: 36/66 MP: 19/19
  6291 | D:7      | Found Rufujemm's Weapon Shoppe.
  6306 | D:7      | Noticed a hellwing
  6333 | D:7      | Reached skill level 5 in Fighting
  6333 | D:7      | Reached XP level 9. HP: 38/74 MP: 2/23
  6350 | D:7      | Noticed a hellwing
  6491 | D:7      | Killed a hellwing
  6705 | D:7      | Killed a hellwing
  7018 | D:7      | Bought 19 stones for 24 gold pieces
  7018 | D:7      | Bought 18 stones for 23 gold pieces
  7696 | D:8      | Noticed Grum
  7804 | D:8      | Found a stormy altar of Qazlal.
  7812 | D:8      | Reached XP level 10. HP: 68/83 MP: 10/26
  8232 | D:8      | Killed Grum
  8265 | D:8      | Noticed Harold
  8275 | D:8      | Killed Harold
  8275 | D:8      | Reached skill level 10 in Earth Magic
  8887 | D:9      | Found Juvyiro's Antique Weapon Emporium.
  9024 | D:9      | Found Plog's Assorted Antiques.
  9032 | D:9      | Bought a scroll of identify for 60 gold pieces
  9148 | D:9      | Found a staircase to the Orcish Mines.
  9200 | D:9      | Found Sail's Gadget Shop.
  9219 | D:9      | Identified a +1 pair of boots of running (You found it on
                  | level 9 of the Dungeon)
  9242 | D:9      | Found Worcha's General Store.
  9251 | D:9      | Bought a scroll of teleportation for 30 gold pieces
  9251 | D:9      | Bought a scroll of identify for 20 gold pieces
  9251 | D:9      | Bought 16 stones for 16 gold pieces
  9312 | D:9      | Found a staircase to the Lair.
  9499 | D:10     | Entered Level 10 of the Dungeon
 10057 | D:10     | Reached XP level 11. HP: 92/92 MP: 22/29
 10562 | D:11     | Noticed an eight-headed hydra
 10649 | D:11     | Noticed Erica
 10655 | D:11     | Killed Erica
 10855 | D:11     | Killed an eight-headed hydra
 10855 | D:11     | Reached skill level 10 in Spellcasting
 11029 | D:11     | Found Romuam's Gadget Boutique.
 12003 | D:12     | Noticed Urug
 12019 | D:12     | Killed Urug
 12168 | D:12     | Noticed Snorg
 12186 | D:12     | Killed Snorg
 12778 | D:13     | Killed an unseen horror
 12785 | D:13     | Noticed a fire crab
 12794 | D:13     | Killed a fire crab
 12794 | D:13     | Reached XP level 12. HP: 88/103 MP: 5/31
 13068 | D:13     | Noticed an ettin
 13078 | D:13     | Killed an ettin
 13973 | Orc:1    | Entered Level 1 of the Orcish Mines
 14209 | Orc:1    | Noticed Erolcha
 14468 | Orc:1    | Killed Erolcha
 14558 | Orc:1    | Found a dark tunnel.
 14563 | Volcano  | Entered a volcano
 14942 | Volcano  | Found a radiant altar of Vehumet.
 14942 | Volcano  | Noticed an ogre mage
 14948 | Volcano  | Killed an ogre mage
 14953 | Volcano  | Noticed a red draconian
 14963 | Volcano  | Killed a red draconian
 15236 | Orc:1    | Noticed an orc warlord
 15247 | Orc:1    | Noticed an ettin
 15269 | Orc:1    | Killed an orc warlord
 15274 | Orc:1    | Killed an ettin
 15274 | Orc:1    | Reached XP level 13. HP: 60/111 MP: 1/34
 15840 | Orc:2    | Entered Level 2 of the Orcish Mines
 15995 | Orc:2    | Noticed an orc warlord
 16117 | Orc:2    | Paralysed by an orc sorcerer for 6 turns
 16187 | Orc:2    | Found a staircase to the Elven Halls.
 17002 | Orc:2    | Killed an orc warlord
 18312 | Orc:2    | Found Acosiski's Weapon Emporium.
 18312 | Orc:2    | Found Umaezas's General Store.
 18314 | Orc:2    | Found Cakock's Weapon Boutique.
 18316 | Orc:2    | Found Ydautwuu's Antique Armour Shoppe.
 18323 | Orc:2    | Bought a potion of curing for 33 gold pieces
 18323 | Orc:2    | Bought a potion of mutation for 88 gold pieces
 18323 | Orc:2    | Bought a potion of haste for 110 gold pieces
 18323 | Orc:2    | Bought a potion of flight for 33 gold pieces
 18323 | Orc:2    | Bought a potion of berserk rage for 55 gold pieces
 18592 | Lair:1   | Entered Level 1 of the Lair of Beasts
 18725 | Lair:1   | Found a transporter.
 18790 | Lair:1   | Reached skill level 10 in Fighting
 19283 | Lair:1   | Noticed oberejnoburuli's ghost (journeyman DsGl)
 19809 | Lair:1   | Found a transporter.
 20227 | Lair:2   | Found a staircase to the Shoals.
 20821 | Lair:2   | Got a pitted chain mail
 20822 | Lair:2   | Identified the cursed +0 chain mail "Focziaf" {MR+} (You
                  | found it on level 2 of the Lair of Beasts)
 21472 | Lair:3   | Found a staircase to the Snake Pit.
 21539 | Lair:3   | Noticed Gastronok
 21546 | Lair:3   | Killed Gastronok
 22038 | Lair:3   | Reached XP level 14. HP: 122/122 MP: 33/36
 23009 | Lair:4   | Found a runed translucent gate.
 23009 | Lair:4   | Found a runed translucent gate.
 23009 | Lair:4   | Found a runed translucent gate.
 23011 | Lair:4   | Noticed DevastatorOne's ghost (journeyman DsGl)
 23502 | Lair:5   | Found a viscous altar of Jiyva.
 23502 | Lair:5   | Found a staircase to the Slime Pits.
 24307 | Lair:6   | Entered Level 6 of the Lair of Beasts
 24314 | Lair:6   | Reached skill level 15 in Earth Magic
 25850 | Lair:6   | Found an opulent altar of Gozag.
 27762 | D:14     | Found Seaxto's Book Shop.
 27765 | D:14     | Bought the Almanac of Lethal Moulding for 757 gold pieces
 27771 | D:14     | Learned a level 5 spell: Borgnjor's Vile Clutch
 27846 | D:14     | Noticed Josephine
 27854 | D:14     | Killed Josephine
 28155 | D:14     | Reached XP level 15. HP: 130/130 MP: 38/38
 28239 | D:15     | Entered Level 15 of the Dungeon
 29100 | D:15     | Found a staircase to the Depths.
 29692 | D:15     | Noticed Louise
 29701 | D:15     | Killed Louise
 30015 | Elf:1    | Entered Level 1 of the Elven Halls
 30063 | Elf:1    | Reached skill level 15 in Spellcasting
 30363 | Elf:1    | Identified the Handbook of Arcane Weapons
 30415 | Elf:1    | Found a huge runed gate.
 30415 | Elf:1    | Found a huge runed gate.
 30415 | Elf:1    | Found a huge runed gate.
 30416 | Elf:1    | Found a huge runed gate.
 30510 | Elf:1    | Found a huge runed gate.
 30510 | Elf:1    | Found a huge runed gate.
 30545 | Elf:1    | Found a huge runed gate.
 30552 | Elf:1    | Found a huge runed gate.
 30552 | Elf:1    | Found a huge runed gate.
 30553 | Elf:1    | Found a huge runed gate.
 30557 | Elf:1    | Found a huge runed gate.
 30557 | Elf:1    | Found a huge runed gate.
 30558 | Elf:1    | Found a huge runed gate.
 30591 | Elf:1    | Found a huge runed gate.
 30591 | Elf:1    | Found a huge runed gate.
 30591 | Elf:1    | Found a huge runed gate.
 30597 | Elf:1    | Found a huge runed gate.
 30598 | Elf:1    | Found a huge runed gate.
 30598 | Elf:1    | Found a huge runed gate.
 30601 | Elf:1    | Found a huge runed gate.
 30604 | Elf:1    | Found a huge runed gate.
 30604 | Elf:1    | Found a huge runed gate.
 30604 | Elf:1    | Found a huge runed gate.
 30604 | Elf:1    | Found a huge runed gate.
 30890 | Elf:1    | Found Aleygas's Book Shop.
 30893 | Elf:1    | Bought a book of the Tempests for 1120 gold pieces
 30903 | Elf:1    | Learned a level 9 spell: Shatter
 31153 | Elf:1    | Found a huge runed gate.
 31327 | Elf:1    | Found a huge runed gate.
 31327 | Elf:1    | Found a huge runed gate.
 31327 | Elf:1    | Found a huge runed gate.
 31327 | Elf:1    | Found a huge runed gate.
 31686 | Elf:2    | Got a steaming scale mail
 31771 | Elf:2    | Found a ruined gateway.
 31796 | Desolati | Entered the Desolation of Salt
 31797 | Desolati | Identified the +2 scale mail "Haocrure" {rF+ MR+} (You
                  | found it on level 2 of the Elven Halls)
 32437 | Elf:2    | Found a runed translucent gate.
 32437 | Elf:2    | Found a runed translucent gate.
 32437 | Elf:2    | Found a runed translucent gate.
 32471 | Elf:3    | Entered Level 3 of the Elven Halls
 32971 | Elf:3    | Reached XP level 16. HP: 139/139 MP: 22/40
 33134 | Elf:3    | Found a gateway to a bazaar.
 33143 | Bazaar   | Entered a bazaar
 33147 | Bazaar   | Found Ycojosumu's Jewellery Boutique.
 33165 | Bazaar   | Found Roaxotza's Antique Weapon Shoppe.
 33182 | Bazaar   | Found Hugeat's Book Boutique.
 33199 | Bazaar   | Found Guedad's Antique Armour Emporium.
 33204 | Bazaar   | Bought a slimy cloak for 275 gold pieces
 33221 | Bazaar   | Bought the ring "Jolir" {rElec EV+2 Int+2} for 225 gold
                  | pieces
 33236 | Bazaar   | Bought a runed helmet for 217 gold pieces
 33251 | Bazaar   | Identified the cursed +0 cloak "Egruq" {rPois rN+ Str-5}
                  | (You bought it in a shop in a bazaar)
 33361 | Elf:3    | Identified the ring of Xeok {rN+ Dex+3}
 33706 | Elf:3    | Noticed a deep elf blademaster
 33718 | Elf:3    | Killed a deep elf blademaster
 34297 | Elf:3    | Identified the ring "Xeluweoh" {rF- MR++ Int+4 Dex+4}
 34578 | Elf:3    | Noticed a deep elf master archer
 34578 | Elf:3    | Noticed a deep elf blademaster
 34586 | Elf:3    | Killed a deep elf blademaster
 34600 | Elf:3    | Killed a deep elf master archer
 34620 | Elf:3    | Identified the +5 quarterstaff of Wolaliel {crush, Dex+5
                  | Stlth+}
 34919 | Elf:3    | Identified the cursed +1 dagger of Xinno {venom, +Rage}
 35116 | Elf:3    | Got a sapphire long sword
 35620 | Snake:1  | Entered Level 1 of the Snake Pit
 37918 | Snake:2  | Reached XP level 17. HP: 53/146 MP: 17/41
 39713 | Snake:3  | Got a transparent tin amulet
 39714 | Snake:3  | Identified the amulet "Mufonut" {Gourm rF+ Str+4 Dex+7}
                  | (You found it on level 3 of the Snake Pit)
 39715 | Snake:3  | Identified the +7 long sword "Xeutier" {flame, rF- MR++}
                  | (You found it on level 3 of the Elven Halls)
 40001 | Snake:3  | Found Neotzy's Gadget Boutique.
 40059 | Snake:3  | Found Nicvom's Book Shop.
 40059 | Snake:3  | Found Voiwk's Antique Armour Boutique.
 40062 | Snake:3  | Found Jeununk's Magic Scroll Shop.
 40190 | Snake:3  | Bought a scroll of fear for 49 gold pieces
 40190 | Snake:3  | Bought a scroll of identify for 28 gold pieces
 40190 | Snake:3  | Bought a scroll of identify for 28 gold pieces
 40190 | Snake:3  | Bought a scroll of blinking for 105 gold pieces
 40190 | Snake:3  | Bought a scroll of identify for 28 gold pieces
 40190 | Snake:3  | Bought a scroll of identify for 28 gold pieces
 40190 | Snake:3  | Bought a scroll of identify for 28 gold pieces
 40190 | Snake:3  | Bought a scroll of identify for 28 gold pieces
 40190 | Snake:3  | Bought a scroll of enchant armour for 105 gold pieces
 40190 | Snake:3  | Bought a scroll of magic mapping for 49 gold pieces
 40190 | Snake:3  | Bought a scroll of immolation for 49 gold pieces
 40747 | Snake:3  | Found Xyplul's Food Boutique.
 42108 | Snake:4  | Entered Level 4 of the Snake Pit
 42166 | Snake:4  | Found a frozen archway.
 42172 | IceCv    | Entered an ice cave
 42496 | IceCv    | Got a ripped robe
 42514 | IceCv    | Identified the +2 robe "Cowk" {rF++ Int-2} (You found it in
                  | an ice cave)
 43359 | IceCv    | Got a pair of brightly glowing gloves
 43362 | IceCv    | Identified the +2 pair of gloves "Uti Xitz" {rF+ Str+3}
                  | (You found it in an ice cave)
 44140 | Snake:4  | Reached XP level 18. HP: 154/154 MP: 9/42
 44544 | Snake:4  | Got a serpentine rune of Zot
 45467 | Shoals:1 | Entered Level 1 of the Shoals
 46702 | Shoals:2 | Noticed Ilsuiw
 46703 | Shoals:2 | Reached skill level 1 in Armour
 46705 | Shoals:2 | Killed Ilsuiw
 46708 | Shoals:2 | Noticed Jorgrun
 46848 | Shoals:2 | Killed Jorgrun
 46987 | Shoals:2 | Noticed Polyphemus
 46987 | Shoals:2 | Noticed Donald
 46990 | Shoals:2 | Killed Donald
 46991 | Shoals:2 | Killed Polyphemus
 47024 | Shoals:2 | Noticed Aizul
 47059 | Shoals:1 | Reached skill level 5 in Armour
 47190 | Shoals:2 | Killed Aizul
 47691 | Shoals:2 | Found Zuzocaosch's Armour Emporium.
 48543 | Shoals:3 | Noticed Mara
 48566 | Shoals:3 | Killed Mara
 49555 | Shoals:4 | Entered Level 4 of the Shoals
 49556 | Shoals:4 | Found Dymec's Antique Weapon Shoppe.
 49614 | Shoals:4 | Upgraded the game from 0.24-a0-725-gf1a930fc54 to
                  | 0.24-a0-736-g4e6fe308c7
 49644 | Shoals:4 | Learned a level 2 spell: Sublimation of Blood
 49648 | Shoals:4 | Learned a level 3 spell: Regeneration
 49780 | Shoals:4 | Reached XP level 19. HP: 134/160 MP: 23/43
 50431 | Shoals:4 | Got a barnacled rune of Zot
 50836 | Shoals:4 | Bought a crude hand axe for 208 gold pieces
 50841 | Shoals:4 | Identified the +10 hand axe "Myplubba" {elec, rF++} (You
                  | bought it in a shop on level 4 of the Shoals)
 50909 | Shoals:4 | Identified the Reference Book on Confrontation and
                  | Transmutation
 51160 | Shoals:2 | Bought the cursed +0 pair of gloves of Honour {rC+ rN+ MR+
                  | Int-4} for 202 gold pieces
 51162 | Shoals:2 | Bought a +2 buckler of poison resistance for 222 gold
                  | pieces
 51545 | D:13     | Found a gate to the Vaults.
 51661 | D:13     | Found a runed translucent gate.
 51661 | D:13     | Found a runed translucent gate.
 51661 | D:13     | Found a runed translucent gate.
 51670 | D:13     | Noticed Faeck's ghost (journeyman OpEE)
 51671 | D:13     | Noticed Uxec's ghost (journeyman VSFi)
 51680 | D:13     | Killed Faeck's ghost
 51704 | D:13     | Killed Uxec's ghost
 51873 | Vaults:1 | Entered Level 1 of the Vaults
 51873 | Vaults:1 | Noticed Nikola
 51887 | Vaults:1 | Killed Nikola
 52059 | Vaults:1 | Reached skill level 10 in Armour
 52615 | Vaults:1 | Identified a scroll of acquirement
 53125 | Vaults:1 | Got a pair of dazzling gloves
 53127 | Vaults:1 | Identified the +0 pair of gloves "Moexazan" {+Blink Dex+3}
                  | (You acquired it on level 1 of the Vaults)
 53440 | Vaults:1 | Found Haigu's Distillery.
 53447 | Vaults:1 | Bought a potion of invisibility for 128 gold pieces
 53447 | Vaults:1 | Bought a potion of curing for 48 gold pieces
 53447 | Vaults:1 | Bought a potion of haste for 160 gold pieces
 53447 | Vaults:1 | Bought a potion of haste for 160 gold pieces
 53447 | Vaults:1 | Bought a potion of flight for 48 gold pieces
 53447 | Vaults:1 | Bought a potion of flight for 48 gold pieces
 53937 | Vaults:2 | Noticed Mennas
 53980 | Vaults:2 | Found a basalt altar of Yredelemnul.
 53980 | Vaults:2 | Found a staircase to the Crypt.
 54324 | Vaults:2 | Reached XP level 20. HP: 151/167 MP: 26/45
 54343 | Vaults:2 | Found an ancient bone altar of Kikubaaqudgha.
 55807 | Vaults:2 | Killed Mennas
 56167 | Vaults:2 | Found Mafetunemi's Jewellery Shop.
 56247 | Vaults:2 | Found a runed translucent gate.
 56247 | Vaults:2 | Found a runed translucent gate.
 56247 | Vaults:2 | Found a runed translucent gate.
 56250 | Vaults:2 | Noticed Qyisuosupp's ghost (adept MiBe)
 56658 | Vaults:2 | Got a pair of twisted boots
 56659 | Vaults:2 | Identified the +1 pair of boots "Zosonn" {rF+ Str+5 Int+3
                  | Stlth-} (You found it on level 2 of the Vaults)
 57434 | Vaults:3 | Found Lilirphe's Weapon Boutique.
 58587 | Vaults:3 | Reached XP level 21. HP: 159/173 MP: 24/47
 59202 | Vaults:4 | Found a hazy altar of Hepliaklqana.
 61134 | Vaults:4 | Got a crude flail
 61136 | Vaults:4 | Identified the +3 flail of the Spheres {crush, rF- rC+
                  | Dex+3} (You found it on level 4 of the Vaults)
 61263 | Vaults:5 | Entered Level 5 of the Vaults
 61682 | Vaults:5 | Noticed an ancient lich
 61782 | Vaults:5 | Killed an ancient lich
 61782 | Vaults:5 | Reached XP level 22. HP: 181/181 MP: 30/49
 62079 | Vaults:5 | Gained mutation: You are frail. (-10% HP) [mutagenic glow]
 62374 | Vaults:5 | Got a smoking battleaxe
 62377 | Vaults:5 | Identified the +1 battleaxe of the Stork {protect, rElec
                  | rF++ MP-9} (You found it on level 5 of the Vaults)
 62532 | Vaults:5 | Noticed Xtahua
 62540 | Vaults:5 | Killed Xtahua
 62646 | Vaults:5 | Found Foenoiq's Jewellery Boutique.
 62714 | Vaults:5 | Identified the +1 chain mail of Demons {rPois rF+ Int-3}
 62717 | Vaults:5 | Identified the +2 leather armour of a Labyrinth {Dex+8}
 62767 | Vaults:5 | Identified the +0 great mace of the Onslaught {freeze,
                  | rPois rN+ Str-4}
 63408 | Vaults:5 | Got a silver rune of Zot
 63903 | Vaults:5 | Bought an uncursed ring of resist corrosion for 320 gold
                  | pieces
 64276 | Slime:1  | Entered Level 1 of the Pits of Slime
 64545 | Slime:1  | Learned a level 1 spell: Summon Butterflies
 64552 | Slime:1  | Learned a level 6 spell: Iron Shot
 64559 | Slime:1  | Learned a level 6 spell: Statue Form
 64564 | Slime:1  | Learned a level 4 spell: Leda's Liquefaction
 64569 | Slime:1  | Learned a level 4 spell: Sticky Flame
 64575 | Slime:2  | Reached skill level 27 in Earth Magic
 64910 | Slime:2  | Reached skill level 1 in Transmutations
 65096 | Slime:2  | You fall into a shaft and drop 2 floors!
 66730 | Slime:5  | Entered Level 5 of the Pits of Slime
 67119 | Slime:5  | Noticed the Royal Jelly
 67546 | Slime:4  | Gained mutation: You are clumsy. (Dex -2) [a shining eye]
 67550 | Slime:4  | Lost mutation: You are frail. (-10% HP) [potion of
                  | mutation]
 67550 | Slime:4  | Lost mutation: You are clumsy. (Dex -2) [potion of
                  | mutation]
 67550 | Slime:4  | Gained mutation: Your muscles are strong. (Str +2) [potion
                  | of mutation]
 67550 | Slime:4  | Gained mutation: You have large cloven feet. [potion of
                  | mutation]
 67550 | Slime:4  | Gained mutation: You have a somewhat thin skeletal
                  | structure. (Dex +2, Stealth) [potion of mutation]
 67550 | Slime:4  | Gained mutation: You evolve. [potion of mutation]
 68163 | Slime:5  | Killed the Royal Jelly
 68163 | Slime:5  | Reached skill level 15 in Armour
 68233 | Slime:5  | Got a transparent bone amulet
 68240 | Slime:5  | Got a slimy rune of Zot
 68247 | Slime:5  | Identified the amulet of Toqatomu {Harm *Drain +Fly MR+
                  | Stlth+} (You found it on level 5 of the Pits of Slime)
 68410 | Slime:5  | Gained mutation: You expend magic power (3 MP) to
                  | strengthen your wands. [evolution]
 68414 | Slime:5  | Got a scorched cloak
 68416 | Slime:5  | Identified the +1 cloak of Hopscotch {MR+} (You found it on
                  | level 5 of the Pits of Slime)
 68541 | Slime:4  | Reached XP level 23. HP: 192/192 MP: 32/51
 69168 | Crypt:1  | Entered Level 1 of the Crypt
 69833 | Crypt:2  | Found a transporter.
 69840 | Crypt:2  | Noticed an ancient lich
 69842 | Crypt:2  | Killed an ancient lich
 69842 | Crypt:2  | Reached skill level 5 in Dodging
 69898 | Crypt:2  | Reached skill level 5 in Transmutations
 70127 | Crypt:2  | Found a transporter.
 70131 | Crypt:2  | Got a faintly glowing cloak
 70146 | Crypt:2  | Identified the cursed +0 cloak of Vanity {rC++ Dex+3
                  | Stlth-} (You found it on level 2 of the Crypt)
 70556 | Crypt:3  | Entered Level 3 of the Crypt
 70863 | Crypt:3  | Noticed Bai Suzhen
 70876 | Crypt:3  | Noticed Jory
 70878 | Crypt:3  | Killed Bai Suzhen
 70879 | Crypt:3  | Killed Jory
 71504 | Crypt:3  | Found a basalt altar of Yredelemnul.
 71629 | Crypt:3  | Identified the ring of Zoxorpho {MP+9 Dex+6}
 72489 | Crypt:3  | Found a staircase to the Tomb.
 72749 | Crypt:3  | Learned a level 2 spell: Blink
 73152 | Tomb:1   | Entered Level 1 of the Tomb of the Ancients
 73152 | Tomb:1   | Noticed Boris
 73156 | Tomb:1   | Killed Boris
 73211 | Tomb:1   | Noticed a greater mummy
 73212 | Tomb:1   | Identified the +1 falchion "Cyokanuu" {freeze, rC+ Int+4}
 73217 | Tomb:1   | Killed a greater mummy
 73217 | Tomb:1   | Noticed a greater mummy
 73218 | Tomb:1   | Noticed a greater mummy
 73221 | Tomb:1   | Killed a greater mummy
 73221 | Tomb:1   | Reached XP level 24. HP: 203/203 MP: 0/52
 73221 | Tomb:1   | Noticed a greater mummy
 73224 | Tomb:1   | Noticed a greater mummy
 73224 | Tomb:1   | Noticed a greater mummy
 73411 | Crypt:3  | Learned a level 5 spell: Aura of Abjuration
 73418 | Tomb:1   | Killed a greater mummy
 73420 | Tomb:1   | Killed a greater mummy
 73420 | Tomb:1   | Noticed a greater mummy
 73421 | Tomb:1   | Killed a greater mummy
 73422 | Tomb:1   | Noticed a greater mummy
 73579 | Tomb:1   | Noticed a greater mummy
 73579 | Tomb:1   | Noticed a greater mummy
 73582 | Tomb:1   | Killed a greater mummy
 73582 | Tomb:1   | Killed a greater mummy
 73583 | Tomb:1   | Killed a greater mummy
 73583 | Tomb:1   | Killed a greater mummy
 73724 | Tomb:1   | Noticed a greater mummy
 73729 | Tomb:1   | Noticed a greater mummy
 73731 | Tomb:1   | Killed a greater mummy
 73732 | Tomb:1   | Killed a greater mummy
 73867 | Tomb:1   | Killed a greater mummy
 74040 | Tomb:1   | Noticed a greater mummy
 74044 | Tomb:1   | Noticed a greater mummy
 74044 | Tomb:1   | Noticed a greater mummy
 74046 | Tomb:1   | Noticed a greater mummy
 74047 | Tomb:1   | Killed a greater mummy
 74048 | Tomb:1   | Killed a greater mummy
 74073 | Tomb:1   | Noticed a greater mummy
 74180 | Tomb:1   | Noticed a greater mummy
 74183 | Tomb:1   | Killed a greater mummy
 74187 | Tomb:1   | Killed a greater mummy
 74190 | Tomb:1   | Killed a greater mummy
 74291 | Tomb:1   | Killed a greater mummy
 74294 | Tomb:1   | Noticed a greater mummy
 74304 | Tomb:1   | Killed a greater mummy
 74459 | Tomb:1   | Gained mutation: Your spells are a little harder to cast,
                  | but a little more powerful. [evolution]
 74748 | Tomb:1   | Noticed a greater mummy
 74756 | Tomb:1   | Noticed a greater mummy
 74759 | Tomb:1   | Killed a greater mummy
 74759 | Tomb:1   | Reached skill level 1 in Translocations
 75297 | Tomb:1   | Killed a greater mummy
 75632 | Depths:1 | Entered Level 1 of the Depths
 75671 | Depths:1 | Found a gateway to Hell.
 75948 | Depths:1 | Reached XP level 25. HP: 210/212 MP: 24/53
 75996 | Depths:1 | Identified the +6 scythe of Turmoil {vamp, +Fly MR+ Int+4
                  | Stlth+}
 75996 | Depths:1 | Noticed Boris
 76001 | Depths:1 | Killed Boris
 76018 | Depths:1 | Reached skill level 15 in Fighting
 76186 | Depths:1 | You fall into a shaft and drop 1 floor!
 76275 | Depths:1 | Found a gateway to a ziggurat.
 76275 | Depths:1 | Noticed an ancient lich
 76400 | Depths:1 | Killed an ancient lich
 77010 | Depths:2 | Reached skill level 10 in Dodging
 77296 | Depths:2 | Found a one-way gate to the infinite horrors of the Abyss.
 77648 | Depths:2 | Reached skill level 5 in Translocations
 78810 | Depths:3 | Noticed a juggernaut
 78811 | Depths:3 | Noticed a juggernaut
 78814 | Depths:3 | Noticed the Enchantress
 78814 | Depths:3 | Identified the +0 short sword of Destruction {drain, Int+4}
 79023 | Depths:3 | Killed a juggernaut
 79024 | Depths:3 | Killed a juggernaut
 79250 | Depths:3 | Reached XP level 26. HP: 224/224 MP: 32/55
 79344 | Depths:3 | Killed the Enchantress
 79662 | Depths:3 | Found a shimmering blue altar of Sif Muna.
 79914 | Depths:3 | Found a one-way gate leading to the halls of Pandemonium.
 80356 | Depths:4 | Noticed Boris
 80361 | Depths:4 | Killed Boris
 81472 | Depths:4 | Identified the Papyrus of Hurtful Slavery
 81701 | Depths:4 | Noticed Sojobo
 81898 | Depths:4 | Killed Sojobo
 82314 | Depths:4 | Found an ornate altar of the Wu Jian Council.
 82323 | Depths:4 | Found a shimmering blue altar of Sif Muna.
 82324 | Depths:4 | Found a shimmering altar of Xom.
 82487 | Depths:5 | Entered Level 5 of the Depths
 82564 | Depths:5 | Found a glowing golden altar of the Shining One.
 82601 | Depths:5 | Gained mutation: You are dopey. (Int -2) [evolution]
 82880 | Depths:5 | Reached XP level 27. HP: 165/234 MP: 20/56
 83510 | Depths:5 | Noticed a juggernaut
 83524 | Depths:5 | Killed a juggernaut
 83642 | Depths:5 | Found a gate to the Realm of Zot.
 84047 | Depths:4 | Voluntarily entered the Abyss.
 84188 | Abyss:1  | Reached skill level 10 in Translocations
 84325 | Abyss:1  | Noticed an ancient lich
 84336 | Abyss:1  | Killed an ancient lich
 84452 | Abyss:3  | Found a corrupted altar of Lugonu.
 84473 | Abyss:3  | Found an ancient bone altar of Kikubaaqudgha.
 84637 | Abyss:5  | Entered Level 5 of the Abyss
 84637 | Abyss:5  | Entered Level 5 of the Abyss
 84759 | Abyss:5  | Gained mutation: Scrolls take you a little longer to read.
                  | [a cacodemon]
 84765 | Abyss:5  | Gained mutation: Scrolls take you longer to read. [a
                  | cacodemon]
 84890 | Abyss:5  | Gained mutation: You are very dopey. (Int -4) [a cacodemon]
 84896 | Abyss:5  | Lost mutation: Your muscles are strong. (Str +2) [a
                  | cacodemon]
 85101 | Abyss:5  | Noticed an ancient lich
 85103 | Abyss:5  | Killed an ancient lich
 85111 | Depths:4 | Escaped the Abyss
 85191 | Depths:4 | Voluntarily entered the Abyss.
 85208 | Abyss:1  | Identified the +1 large shield of Loss {*Corrode rC+++
                  | Str+6}
 85218 | Depths:4 | Escaped the Abyss
 85307 | Depths:4 | Voluntarily entered the Abyss.
 85523 | Abyss:2  | Got a creamy pearl robe
 85528 | Abyss:2  | Identified the +0 robe "Pynliel" {Regen+ rCorr Int-2 Dex-5}
                  | (You found it on level 2 of the Abyss)
 86668 | Abyss:2  | Got a shimmering shortbow
 86679 | Abyss:3  | Identified the +8 shortbow of Big Damage {freeze, MR-
                  | Str+6} (You found it on level 2 of the Abyss)
 86790 | Abyss:3  | Found an ornate altar of the Wu Jian Council.
 86800 | Abyss:3  | Got an abyssal rune of Zot
 87227 | Depths:4 | Escaped the Abyss
 87279 | Depths:4 | Got a pair of brightly glowing gloves
 87285 | Depths:4 | Identified the +0 pair of gloves of the Grue {+Fly} (You
                  | acquired it on level 4 of the Depths)
 87289 | Pan      | Entered Pandemonium
 87375 | Pan      | Noticed Zielapp the pandemonium lord
 87615 | Pan      | Cast into level 4 of the Abyss (Zielapp)
 87615 | Abyss:4  | Found a corrupted altar of Lugonu.
 87626 | Pan      | Escaped the Abyss
 88539 | Pan      | Killed Zielapp the pandemonium lord
 88726 | Pan      | Gained mutation: You have a pair of small horns on your
                  | head. [evolution]
 88726 | Pan      | Lost mutation: You evolve. [end of evolution]
 88860 | Pan      | Noticed Ocuso the pandemonium lord
 88871 | Pan      | Found an exit through the horrors of the Abyss.
 88955 | Pan      | Gained mutation: You occasionally shout uncontrollably at
                  | your foes. [a neqoxec]
 89248 | Pan      | Killed Ocuso the pandemonium lord
 89900 | Pan      | Noticed Vuisir the pandemonium lord
 89905 | Pan      | Cast into level 3 of the Abyss (+4 lajatang of distortion)
 90016 | Pan      | Escaped the Abyss
 90019 | Pan      | Reached skill level 15 in Dodging
 90062 | Pan      | Killed Vuisir the pandemonium lord
 90693 | Pan      | Got a demonic rune of Zot
 90758 | Pan      | Entered the realm of Cerebov.
 90786 | Pan      | Identified the ring of Vuduugea {rElec rPois Dex-5 Stlth-}
 90790 | Pan      | Lost mutation: You expend magic power (3 MP) to strengthen
                  | your wands. [potion of mutation]
 90790 | Pan      | Lost mutation: Your spells are a little harder to cast, but
                  | a little more powerful. [potion of mutation]
 90790 | Pan      | Lost mutation: You have large cloven feet. [potion of
                  | mutation]
 90790 | Pan      | Gained mutation: You are resistant to electric shocks.
                  | (rElec) [potion of mutation]
 90791 | Pan      | Lost mutation: Scrolls take you longer to read. [potion of
                  | mutation]
 90791 | Pan      | Lost mutation: You are very dopey. (Int -4) [potion of
                  | mutation]
 90791 | Pan      | Lost mutation: You have a pair of small horns on your head.
                  | [potion of mutation]
 90791 | Pan      | Gained mutation: You are agile. (Dex +2) [potion of
                  | mutation]
 90792 | Pan      | Lost mutation: Scrolls take you a little longer to read.
                  | [potion of mutation]
 90792 | Pan      | Lost mutation: You occasionally shout uncontrollably at
                  | your foes. [potion of mutation]
 90792 | Pan      | Gained mutation: You are weak. (Str -2) [potion of
                  | mutation]
 90792 | Pan      | Gained mutation: Your flesh is heat resistant. (rF+)
                  | [potion of mutation]
 90869 | Pan      | Found an exit through the horrors of the Abyss.
 91257 | Pan      | Got a smoking spear
 91259 | Pan      | Identified the +3 spear of Anguish {freeze, *Slow rC+ rN+
                  | Int+3} (You found it in Pandemonium)
 91456 | Pan      | Learned a level 8 spell: Lehudib's Crystal Spear
 91458 | Pan      | Got a steaming chain mail
 91459 | Pan      | Identified the cursed +0 chain mail "Plog" {*Drain rPois
                  | rF+ rN+} (You found it in Pandemonium)
 91707 | Pan      | Identified the amulet "Zieku" {Harm *Drain rPois Int+2}
 91719 | Pan      | Identified the +6 sword of Cerebov {flame}
 91719 | Pan      | Noticed Cerebov
 91764 | Pan      | Killed Cerebov
 91854 | Pan      | Got a fiery rune of Zot
 91977 | Pan      | Noticed Reemy the pandemonium lord
 92009 | Pan      | Killed Reemy the pandemonium lord
 92542 | Pan      | Noticed Qalejecu the pandemonium lord
 92548 | Pan      | Killed Qalejecu the pandemonium lord
 92578 | Pan      | Found an exit through the horrors of the Abyss.
 92962 | Pan      | Gained mutation: You are very dopey. (Int -4) [a cacodemon]
 93230 | Pan      | Noticed Faschoiqu the pandemonium lord
 93237 | Pan      | Killed Faschoiqu the pandemonium lord
 93326 | Pan      | Gained mutation: Your body sometimes deteriorates upon
                  | taking damage. [a cacodemon]
 93437 | Pan      | Found an exit through the horrors of the Abyss.
 93457 | Pan      | Entered the realm of Gloorx Vloq.
 93469 | Pan      | Noticed Gloorx Vloq
 94290 | Pan      | Killed Gloorx Vloq
 95187 | Pan      | Got a dark rune of Zot
 95228 | Pan      | Entered the realm of Mnoleg.
 95449 | Pan      | Gained mutation: You occasionally shout uncontrollably at
                  | your foes. [a neqoxec]
 95454 | Pan      | Gained mutation: You are frail. (-10% HP) [a shining eye]
 95789 | Pan      | Gained mutation: You sometimes yell uncontrollably at your
                  | foes. [a cacodemon]
 95790 | Pan      | Lost mutation: You are agile. (Dex +2) [a cacodemon]
 96395 | Pan      | Noticed Mnoleg
 96400 | Pan      | Killed Mnoleg
 96439 | Pan      | Gained mutation: Your spells are a little easier to cast,
                  | but a little less powerful. [a cacodemon]
 96594 | Pan      | Got a glowing rune of Zot
 96865 | Pan      | Entered the realm of Lom Lobon.
 97001 | Pan      | Found an exit through the horrors of the Abyss.
 97446 | Pan      | Noticed Lom Lobon
 97461 | Pan      | Got a magical rune of Zot
 98025 | Pan      | Took an exit into the Abyss.
 98025 | Abyss:1  | Escaped into the Abyss
 98027 | Abyss:1  | Reached skill level 27 in Spellcasting
 98175 | Depths:4 | Escaped the Abyss
 98191 | Hell     | Entered the Vestibule of Hell
 98191 | Hell     | Noticed Geryon
 98242 | Hell     | Killed Geryon
 98403 | Hell     | Found a gateway to the Iron City of Dis.
 98411 | Dis:1    | Entered Level 1 of the Iron City of Dis
 98764 | Dis:1    | You fall into a shaft and drop 1 floor!
 99121 | Dis:5    | You fall into a shaft and drop 1 floor!
 99172 | Dis:7    | Entered Level 7 of the Iron City of Dis
 99338 | Dis:7    | HP: 11/232 [Hell Sentinel/iron shot (28)]
100051 | Dis:7    | Reached skill level 1 in Necromancy
100113 | Dis:7    | Lost mutation: You are very dopey. (Int -4) [potion of
                  | mutation]
100113 | Dis:7    | Gained mutation: You are very weak. (Str -4) [potion of
                  | mutation]
100113 | Dis:7    | Gained mutation: You expend magic power (3 MP) to
                  | strengthen your wands. [potion of mutation]
100114 | Dis:7    | Lost mutation: You have a somewhat thin skeletal structure.
                  | (Dex +2, Stealth) [potion of mutation]
100114 | Dis:7    | Lost mutation: Your body sometimes deteriorates upon taking
                  | damage. [potion of mutation]
100114 | Dis:7    | Lost mutation: Your spells are a little easier to cast, but
                  | a little less powerful. [potion of mutation]
100114 | Dis:7    | Lost mutation: You sometimes yell uncontrollably at your
                  | foes. [potion of mutation]
100114 | Dis:7    | Gained mutation: You are partially covered in slimy green
                  | scales. (AC +2) [potion of mutation]
100279 | Dis:7    | Reached skill level 5 in Necromancy
100802 | Dis:7    | Identified the +4 staff of Dispater
100802 | Dis:7    | Noticed Dispater
100816 | Dis:7    | Killed Dispater
100816 | Dis:7    | Reached skill level 10 in Necromancy
100831 | Dis:7    | Got an iron rune of Zot
101022 | Dis:7    | Identified the +6 ice dragon scales "Elun" {rElec rF- rC++
                  | MP+9}
101132 | Hell     | Found a gateway to the freezing wastes of Cocytus.
101261 | Zig:1    | Entered Level 1 of a ziggurat
101377 | Zig:2    | Entered Level 2 of a ziggurat
101409 | Zig:3    | Entered Level 3 of a ziggurat
101513 | Zig:4    | Entered Level 4 of a ziggurat
101570 | Zig:4    | Got a pitted ring mail
101580 | Zig:4    | Identified the cursed +0 ring mail of Plog {rElec} (You
                  | found it on level 4 of a ziggurat)
101597 | Zig:5    | Entered Level 5 of a ziggurat
101621 | Zig:5    | Got a heavily runed graven amulet
101630 | Zig:5    | Identified the amulet of Lesser Demons {rN+ Regen+} (You
                  | found it on level 5 of a ziggurat)
101635 | Zig:6    | Entered Level 6 of a ziggurat
101648 | Zig:6    | Noticed an ancient lich
101652 | Zig:6    | Killed an ancient lich
101708 | Zig:7    | Entered Level 7 of a ziggurat
101714 | Zig:7    | Noticed a juggernaut
101715 | Zig:7    | Noticed a juggernaut
101719 | Zig:7    | Killed a juggernaut
101720 | Zig:7    | Killed a juggernaut
101775 | Zig:7    | Got a distressingly furry robe
101786 | Zig:7    | Identified the cursed +0 robe "Bomow" {rF+ Regen+ Int+2
                  | SInv} (You found it on level 7 of a ziggurat)
101794 | Zig:8    | Entered Level 8 of a ziggurat
101814 | Zig:8    | Got a polished plate armour
101828 | Zig:8    | Identified the Guide on Flying Augmentations
101840 | Zig:8    | Identified the +9 plate armour of Sloth {rElec rC+ Str+3
                  | Int+4} (You found it on level 8 of a ziggurat)
101844 | Zig:8    | Got an ichor-stained scimitar
101849 | Zig:8    | Identified the +1 scimitar "Lupp" {slice, Str+3} (You found
                  | it on level 8 of a ziggurat)
101855 | Zig:9    | Entered Level 9 of a ziggurat
101860 | Zig:9    | Noticed a juggernaut
101860 | Zig:9    | Noticed a juggernaut
101865 | Zig:9    | Killed a juggernaut
101866 | Zig:9    | Killed a juggernaut
101924 | Zig:9    | Got a pair of twisted boots
101926 | Zig:9    | Identified the +0 pair of boots of a treasure trove {rC++
                  | rCorr Str-4 Dex+3} (You acquired it on level 9 of a
                  | ziggurat)
101940 | Zig:10   | Entered Level 10 of a ziggurat
102038 | Zig:10   | Got a scorched tin ring
102042 | Zig:10   | Identified the ring of Sisiaps {rN++ EV+3 Int+3 Dex-5} (You
                  | found it on level 10 of a ziggurat)
102045 | Zig:10   | Got a twisted ring mail
102046 | Zig:10   | Identified the +1 ring mail of Leaves {rPois} (You found it
                  | on level 10 of a ziggurat)
102084 | Zig:11   | Entered Level 11 of a ziggurat
102388 | Zig:11   | Got a fine ring mail
102393 | Zig:11   | Identified the +3 ring mail "Goymaa" {rPois rCorr} (You
                  | found it on level 11 of a ziggurat)
102404 | Zig:12   | Entered Level 12 of a ziggurat
102511 | Zig:12   | Got a glittering lead ring
102515 | Zig:12   | Got a slimy leather armour
102530 | Zig:12   | Identified the ring of Desertification {rPois rF- MP+9
                  | Str+5} (You found it on level 12 of a ziggurat)
102531 | Zig:12   | Identified the +1 leather armour of Semeag {rElec MP+9
                  | Int+8 Dex-2} (You found it on level 12 of a ziggurat)
102560 | Zig:12   | Found the +9 scales of the Dragon King {rPois rF+ rC+ MR+}
102575 | Zig:12   | Got a brightly glowing quarterstaff
102576 | Zig:12   | Identified the +5 quarterstaff "Tulliter" {crush, Int+3
                  | Dex+2 Stlth+} (You found it on level 12 of a ziggurat)
102618 | Zig:13   | Entered Level 13 of a ziggurat
102650 | Zig:13   | Got a wavering ivory amulet
102658 | Zig:13   | Got an iridescent trident
102664 | Zig:13   | Identified the amulet of Lovucrem {rPois Regen+} (You found
                  | it on level 13 of a ziggurat)
102668 | Zig:13   | Got a scintillating platinum ring
102676 | Zig:13   | Got a smoking cloak
102688 | Zig:13   | Identified the +0 cloak of Ischiar {rC+} (You acquired it
                  | on level 13 of a ziggurat)
102705 | Zig:13   | Got a twitching bronze amulet
102707 | Zig:13   | Got a clouded iron ring
102713 | Zig:13   | Identified the ring of the Albatross {Ice Str-4 Int+2
                  | Slay+4} (You found it on level 13 of a ziggurat)
102715 | Zig:13   | Identified the ring of Reimbursement {*Drain rF+++ MP+9
                  | Int-3 Stlth-} (You found it on level 13 of a ziggurat)
102721 | Zig:13   | Got a jewelled hunting sling
102735 | Zig:14   | Entered Level 14 of a ziggurat
102762 | Zig:14   | Got a heavily runed graven amulet
102784 | Zig:14   | Identified the amulet "Xuteokk" {Inacc rPois Str+3} (You
                  | found it on level 13 of a ziggurat)
102786 | Zig:14   | Identified the amulet "Piop" {Inacc +Inv rElec rPois Int-4}
                  | (You found it on level 14 of a ziggurat)
102792 | Zig:14   | Got a dazzling plate armour
102827 | Zig:15   | Entered Level 15 of a ziggurat
102883 | Zig:15   | Identified the Volume of Feathery Shape Shifting
102902 | Zig:15   | Got a slimy short sword
102904 | Zig:15   | Identified the +6 trident of Ufuomux {speed, +Fly rF+} (You
                  | found it on level 13 of a ziggurat)
102905 | Zig:15   | Identified the cursed +0 short sword of Unuolefo {holy,
                  | Str+2} (You found it on level 15 of a ziggurat)
102909 | Zig:15   | Identified the cursed +0 hunting sling "Orb Guardian's
                  | Regret" {flame, rElec MR+++ Str+2 Int-3} (You found it on
                  | level 13 of a ziggurat)
102914 | Zig:15   | Got a translucent scythe
102916 | Zig:15   | Identified the +8 scythe of Wealth {slice, rC++ MR- Dex+7}
                  | (You found it on level 15 of a ziggurat)
102921 | Zig:15   | Got an ichor-stained hand axe
102923 | Zig:15   | Identified the cursed +3 hand axe "Cemmar" {drain, *Noise
                  | rPois Str+4} (You found it on level 15 of a ziggurat)
102954 | Zig:16   | Entered Level 16 of a ziggurat
102964 | Zig:16   | Noticed a juggernaut
102964 | Zig:16   | Noticed a juggernaut
102965 | Zig:16   | Noticed a juggernaut
102965 | Zig:16   | Noticed a juggernaut
102967 | Zig:16   | Killed a juggernaut
102967 | Zig:16   | Noticed a juggernaut
102968 | Zig:16   | Killed a juggernaut
102969 | Zig:16   | Killed a juggernaut
102969 | Zig:16   | Killed a juggernaut
102971 | Zig:16   | Killed a juggernaut
102980 | Zig:16   | Found the +7 lajatang of Order {silver, rMut}
102991 | Zig:16   | Identified the Grimoire of Shape Shifting
103076 | Zig:17   | Entered Level 17 of a ziggurat
103234 | Zig:17   | Identified Hatextunt's Papyrus of Igneous Good Luck
103258 | Zig:17   | Learned a level 8 spell: Controlled Blink
103269 | Zig:17   | Identified the +10 plate armour of Prudence {MP+9} (You
                  | found it on level 14 of a ziggurat)
103283 | Zig:17   | Got an ebony war axe
103284 | Zig:17   | Identified the +5 war axe of Prudence {freeze, rF- rN+
                  | Int+4 Stlth+} (You found it on level 17 of a ziggurat)
103288 | Zig:17   | Got a twisted hand axe
103289 | Zig:17   | Identified the +2 hand axe of Embarrassment {flame, rElec
                  | MR- Int+4 Dex+6} (You found it on level 17 of a ziggurat)
103313 | Zig:18   | Entered Level 18 of a ziggurat
103321 | Zig:18   | Learned a level 2 spell: Shroud of Golubria
103330 | Zig:18   | Reached skill level 15 in Translocations
103335 | Zig:18   | Killed by a guardian mummy's death curse

Levels and vault maps discovered:
D:1:      sevenhm_arrival_forest_fort_large_4, layout_basic
D:2:      layout_basic, hangedman_abyss_or_decor_stabs
D:3:      layout_loops_ring, serial_glass, glass_columns_a, glass_columns_c,
          glass_columns_c, glass_columns_c, glass_columns_c, glass_columns_c,
          minmay_unequal
D:4:      layout_basic, minmay_temple_entry_grid, first_ration,
          nicolae_dithmenos_shadow_blocks, uniq_ijyb
D:5:      layout_cave_pools, serial_shops, shop
D:6:      layout_cave_pools, nicolae_ossuary_entry_plus, uniq_duvessa
D:7:      cheibrodos_grave_circle, layout_basic, serial_shops, shop
D:8:      layout_rooms, nicolae_qazlal_general_emergency, blue_anna_alchemist
          [blue_anna_fruit_fields, blue_anna_fruit_fields], uniq_harold,
          uniq_grum
D:9:      layout_cross, lair_entry_dummy, erik_orc_3, serial_shops, shop, shop,
          nicolae_shop_crystal, shop
D:10:     layout_basic, item_on_display_a
D:11:     layout_roguey [special_room_orc], serial_shops, shop, uniq_erica
D:12:     layout_small_grid, uniq_urug, uniq_snorg
D:13:     layout_loops_ring, david_vaults_4, gammafunk_ghost_cemetery
D:14:     layout_loops_corners, serial_shops, kennysheep_mini_moat,
          kennysheep_path_1, kennysheep_inner_square, uniq_josephine
D:15:     grunt_enter_depths_hoard, layout_stronghold, minmay_crystal_room,
          uniq_louise
Lair:1:   layout_chaotic_city, gammafunk_ghost_hive, minmay_lair_oklob_chamber
Lair:2:   layout_roguey, minmay_shoals_entry_hut, grunt_megastairs_2
Lair:3:   layout_roguey, guppyfry_snake_entry_garden, infiniplex_staircase_pool,
          uniq_gastronok
Lair:4:   layout_roguey, gammafunk_ghost_hydra_chop,
          grunt_forest_large_clearings, grunt_megastairs_3,
          infiniplex_staircase_pool_2, lemuel_fruit_tree
Lair:5:   layout_long_grid, slime_altar_1, chequers_serial_rivers_micro_b
Lair:6:   minmay_lair_end_frog_pond, layout_cave_shapes, lemuel_centaur_altar
Shoals:1: cheibrodos_shoals_roost, layout_shoals, st_cyclops
Shoals:2: cheibrodos_shoals_gigantism, layout_shoals, serial_shops, shop,
          nicolae_shoals_hunting_party, uniq_aizul, uniq_polyphemus,
          uniq_ilsuiw, uniq_jorgrun, uniq_donald
Shoals:3: nzn_motion_control, layout_shoals, uniq_mara
Shoals:4: shoals_end_hangedman, layout_shoals, serial_shops, shop
Snake:1:  layout_layer_cave, dpeg_stationary_puzzle
Snake:2:  layout_onion_interference, st_stairs_12
Snake:3:  layout_chambers, serial_shops, nicolae_shop_trees, minmay_shoptagon
Snake:4:  snake_pit, layout_layer_cave, portal_ice_cave_entry_horrid_things
Slime:1:  layout_caves
Slime:2:  layout_caves
Slime:3:  layout_caves
Slime:4:  layout_caves
Slime:5
Orc:1:    layout_caves, serial_shops, nicolae_volcano_entry_s_turn, uniq_erolcha
Orc:2:    st_orc_rangers, layout_diamond_mine
Elf:1:    layout_loops_corners, serial_shops, shop, minmay_elf_annihilation,
          door_vault
Elf:2:    layout_geoelf_octagon, portal_desolation_entry_twin_temple,
          st_stairs_4
Elf:3:    minmay_elf_hall_dome, layout_geoelf_grid, serial_shops,
          bzr_in_the_mist
Vaults:1: ontoclasm_vaults_gateway, nicolae_vaults_angled_halls,
          nicolae_vaults_mini_display_case, nicolae_vaults_meeting,
          vaults_room_door_ring, v_alt_pattern_3, ontoclasm_vaults_fault,
          v_misc_26, vaults_dpeg_doors, layout_vaults_maze_snakey, serial_shops,
          shop, uniq_nikola
Vaults:2: gammafunk_vaults_ghost_tricky_traps, v_misc_31,
          ontoclasm_vaults_twist, st_smaller_cells, v_alt_pattern_3,
          vaults_room_semicircle, v_misc_2, v_misc_5, ontoclasm_vaults_eye,
          layout_vaults_omnigrid, minmay_crypt_entry_necro_gods, serial_shops,
          shop, uniq_mennas
Vaults:3: nicolae_vaults_circle_grid_b, vaults_dpeg_diagonal,
          nicolae_vaults_arrows, v_misc_29, v_alt_pattern_3,
          nicolae_vaults_network_quinsquares
          [nicolae_vaults_network_quincunx_subvault,
          nicolae_vaults_network_quincunx_subvault,
          nicolae_vaults_network_quincunx_subvault,
          nicolae_vaults_network_quincunx_subvault], v_alt_pattern_5,
          hangedman_vaults_hat, hangedman_vaults_unwind, v_misc_19,
          vaults_room_hangedman_quadrants, layout_vaults_omnibox, serial_shops,
          nicolae_shop_stone
Vaults:4: hangedman_vaults_maws, vaults_room_grid, ontoclasm_vaults_ligature,
          v_misc_9, v_misc_22, dpeg_vaults_monster_row,
          nicolae_vaults_fighting_squares, ontoclasm_vaults_chip,
          vaults_dpeg_spiral, vaults_dpeg_encased_lava,
          nicolae_vaults_what_the_h, grunt_vaults_funnel,
          vaults_room_semicircle, layout_vaults_omnicross, basic_altar
Vaults:5: uniq_xtahua
Crypt:1:  layout_rooms, grunt_ministairs_11
Crypt:2:  gammafunk_the_bubble [the_bubble_gammafunk_crates],
          layout_regular_city
Crypt:3:  evilmike_haunted_forest, uniq_jory, uniq_bai_suzhen
Tomb:1:   uniq_boris
Depths:1: layout_basic, enter_ziggurat_c, hell_entry, grunt_decor_clamped,
          minmay_misc_feat_square, minmay_the_grid_2x2
          [minmay_the_grid_spin_star, minmay_the_grid_empty,
          minmay_the_grid_diamond_grid, minmay_the_grid_prize_big_room]
Depths:2: hourglass_vault, layout_twisted_cross, abyss_entry, hell_entry,
          serial_rivers, chequers_serial_rivers_large_b,
          chequers_serial_rivers_micro_b, chequers_serial_rivers_small_3,
          chequers_serial_rivers_small_3, chequers_serial_rivers_micro_c,
          chequers_serial_rivers_small_b, hangedman_stitches_earthworm
Depths:3: gammafunk_depths_water_palace, layout_cave_shapes,
          lemuel_statue_altar, hell_entry, rand_demon_pan_entry_9,
          kennysheep_generic_room_10, infiniplex_staircase_pillars_3a,
          serial_bayou_shore_b
Depths:4: hangedman_slaughterboxes, abyss_entry, pan_entry, hell_entry,
          uniq_sojobo
Depths:5: grunt_twist_and_shout, layout_basic, tso_metal_star, hell_entry
Hell
Dis:1:    layout_subdivisions
Dis:2:    layout_subdivisions
Dis:3:    layout_subdivisions, hangedman_dis_chains
Dis:4:    layout_subdivisions, hangedman_dis_decor_tower
Dis:5:    layout_jigsaw
Dis:6:    layout_chaotic_city
Dis:7:    iron_city_of_dis [dis_grunt, dis_wall_3], layout_chaotic_city
Zig:18:   ziggurat_pillar_abc, ziggurat_pillar_abc, ziggurat_pillar_abc,
          ziggurat_pillar_abc

Skill      XL: |  1  2  3  4  5  6  7  8  9 10 11 12 13 14 15 16 17 18 19 20 21 22 23 24 25 26 27 |
---------------+----------------------------------------------------------------------------------+-----
Spellcasting   | 2 3 4 5 7 8 9 11 12 13 14 15 16 17 18 19 20 21 22 27 | 27.0
Earth Magic    | 3 4 5 6 7 9 10 12 13 14 15 17 20 22 23 24 25 26 27 | 27.0
Fighting       | 1 2 3 5 6 7 8 9 10 11 13 14 15 16 26 | 26.5
Armour         | 8 12 13 14 15 16 17 18 21 | 21.8
Transmutations | 3 6 8 |  8.5
Dodging        | 4 7 9 11 12 18 | 18.0
Translocations | 2 6 9 15 | 15.7
Necromancy     | 10 | 10.3
Stealth        | |  1.7

Action                   |  1- 3 |  4- 6 |  7- 9 | 10-12 | 13-15 | 16-18 | 19-21 | 22-24 | 25-27 || total
-------------------------+-------+-------+-------+-------+-------+-------+-------+-------+-------++-------
Melee: Unarmed           |     7 |       |       |       |       |       |       |       |       ||     7
       Short sword       |     5 |     8 |       |       |       |       |       |       |       ||    13
       Spear             |       |    58 |    28 |   326 |   197 |       |       |       |     1 ||   610
       Dagger            |       |       |    36 |    25 |       |       |       |       |       ||    61
       Staff             |       |       |       |       |     7 |     5 |     5 |    20 |   150 ||   187
       Kick              |       |       |       |       |       |       |       |     4 |     5 ||     9
Throw: Stone             |       |       |     2 |     1 |     1 |    12 |     3 |     7 |    35 ||    61
       Throwing net      |       |       |     2 |       |       |       |       |       |       ||     2
 Cast: Sandblast         |    75 |    87 |    90 |   146 |   145 |    57 |    42 |    36 |    79 ||   757
       Lee's Rapid Decon |       |       |    10 |   124 |   422 |   266 |   161 |   101 |   334 ||  1418
       Stone Arrow       |       |       |    27 |    81 |   209 |   146 |   101 |    43 |    15 ||   622
       Petrify           |       |       |       |    16 |    71 |    26 |    20 |    15 |     5 ||   153
       Borgnjor's Vile C |       |       |       |       |    25 |    57 |    15 |     4 |   136 ||   237
       Shatter           |       |       |       |       |       |   103 |   193 |   219 |   762 ||  1277
       Sublimation of Bl |       |       |       |       |       |     4 |   256 |    87 |   539 ||   886
       Regeneration      |       |       |       |       |       |       |    51 |    17 |   152 ||   220
       Iron Shot         |       |       |       |       |       |       |       |   202 |   790 ||   992
       Summon Butterflie |       |       |       |       |       |       |       |     1 |     3 ||     4
       Statue Form       |       |       |       |       |       |       |       |    15 |    34 ||    49
       Blink             |       |       |       |       |       |       |       |       |    52 ||    52
       Lehudib's Crystal |       |       |       |       |       |       |       |       |    65 ||    65
       Leda's Liquefacti |       |       |       |       |       |       |       |       |    10 ||    10
       Shroud of Golubri |       |       |       |       |       |       |       |       |     1 ||     1
 Abil: End Transformatio |       |       |       |       |       |       |       |       |     4 ||     4
Evoke: Wand              |       |       |     6 |    24 |    39 |    36 |     8 |    10 |    14 ||   137
       Lamp of fire      |       |       |       |       |     1 |     3 |     4 |     6 |    12 ||    26
       Lightning rod     |       |       |       |       |       |     4 |     7 |    14 |    20 ||    45
       Phial of floods   |       |       |       |       |       |       |     3 |     4 |     9 ||    16
       Phantom mirror    |       |       |       |       |       |       |       |     1 |     2 ||     3
       Sack of spiders   |       |       |       |       |       |       |       |     1 |       ||     1
       Box of beasts     |       |       |       |       |       |       |       |       |     6 ||     6
  Use: Potion            |       |     3 |     2 |     7 |     7 |     8 |     7 |    16 |    57 ||   107
       Scroll            |       |     4 |     6 |    28 |    19 |    16 |    21 |    40 |    78 ||   212
 Stab: Sleeping          |     1 |     3 |     2 |     6 |       |       |       |       |       ||    12
       Distracted        |       |     1 |       |       |     1 |       |       |       |     1 ||     3
       Petrified         |       |       |       |    18 |    20 |       |       |       |       ||    38
       Paralysed         |       |       |       |     5 |    11 |       |       |       |       ||    16
       Petrifying        |       |       |       |     1 |     3 |       |       |       |       ||     4
       Invisible         |       |       |       |     1 |       |       |       |       |       ||     1
  Eat: Chunk             |     4 |     9 |     6 |    49 |    52 |    67 |   108 |    20 |     3 ||   318
       Ration            |       |       |     1 |       |       |     9 |     3 |    22 |    30 ||    65
Armor: Robe              |     7 |     9 |       |       |       |       |       |       |       ||    16
       Troll leather arm |       |       |    44 |   129 |   167 |   114 |   196 |   225 |    32 ||   907
       Skin              |       |       |       |       |       |       |       |   112 |   391 ||   503
       Acid dragon scale |       |       |       |       |       |       |       |       |   490 ||   490
Dodge: Dodged            |    29 |    62 |    89 |   239 |   268 |   166 |   225 |   427 |  2079 ||  3584
       Deflected         |       |       |       |       |       |       |       |       |    10 ||    10

Table legend:
 A = Non-vault XP
 B = Vault XP
 C = Vault XP percentage of total XP
 D = Non-vault monster count
 E = Vault monster count
 F = Vault count percentage of total count
                 A         B        C        D         E       F
            +---------+---------+-------+---------+---------+-------
      Total | 1912848 | 1533449 |  44.5 |    3053 |    1482 |  32.7
            +---------+---------+-------+---------+---------+-------
        D:1 |      27 |       0 |   0.0 |      14 |       0 |   0.0
        D:2 |      48 |       0 |   0.0 |      18 |       0 |   0.0
        D:3 |      76 |       3 |   3.8 |      23 |       2 |   8.0
        D:4 |     100 |      39 |  28.1 |      14 |       1 |   6.7
        D:5 |     440 |       0 |   0.0 |      19 |       0 |   0.0
        D:6 |     276 |     223 |  44.7 |      11 |       2 |  15.4
        D:7 |    1092 |    3559 |  76.5 |      26 |      11 |  29.7
        D:8 |    2082 |    1636 |  44.0 |      34 |       6 |  15.0
        D:9 |    2199 |     565 |  20.4 |      22 |      18 |  45.0
       D:10 |    2554 |       0 |   0.0 |      33 |       0 |   0.0
       D:11 |    2544 |    2092 |  45.1 |      19 |      26 |  57.8
       D:12 |    2942 |    2007 |  40.6 |      16 |       2 |  11.1
       D:13 |    7212 |    6284 |  46.6 |      24 |       7 |  22.6
       D:14 |    7831 |    3592 |  31.4 |      33 |       8 |  19.5
       D:15 |   12359 |    3630 |  22.7 |      41 |       3 |   6.8
     Lair:1 |    3830 |    2781 |  42.1 |      18 |       7 |  28.0
     Lair:2 |    4384 |     472 |   9.7 |      20 |       3 |  13.0
     Lair:3 |    5217 |    2550 |  32.8 |      22 |       2 |   8.3
     Lair:4 |    5154 |    3437 |  40.0 |      23 |      26 |  53.1
     Lair:5 |    4334 |       0 |   0.0 |      16 |       0 |   0.0
     Lair:6 |    9393 |   11749 |  55.6 |      42 |      51 |  54.8
   Shoals:1 |   13570 |    9054 |  40.0 |      24 |      14 |  36.8
   Shoals:2 |   14758 |   23726 |  61.7 |      33 |      19 |  36.5
   Shoals:3 |   13978 |   11320 |  44.7 |      23 |       6 |  20.7
   Shoals:4 |   15134 |   18349 |  54.8 |      28 |      27 |  49.1
    Snake:1 |   14647 |     737 |   4.8 |      25 |       1 |   3.8
    Snake:2 |   17335 |     452 |   2.5 |      31 |       1 |   3.1
    Snake:3 |   21333 |       0 |   0.0 |      35 |       0 |   0.0
    Snake:4 |   19625 |   32610 |  62.4 |      37 |      49 |  57.0
    Slime:1 |   11595 |       0 |   0.0 |      25 |       0 |   0.0
    Slime:2 |   16474 |       0 |   0.0 |      32 |       0 |   0.0
    Slime:3 |   13272 |       0 |   0.0 |      12 |       0 |   0.0
    Slime:4 |   12274 |    1562 |  11.3 |      22 |       2 |   8.3
    Slime:5 |   10570 |   29040 |  73.3 |      20 |      11 |  35.5
      Orc:1 |    7433 |     999 |  11.8 |      59 |       1 |   1.7
      Orc:2 |    4279 |    4999 |  53.9 |      30 |      38 |  55.9
      Elf:1 |   10944 |    4764 |  30.3 |      19 |       7 |  26.9
      Elf:2 |    9715 |    5493 |  36.1 |      18 |       7 |  28.0
      Elf:3 |   20292 |   46192 |  69.5 |      31 |      31 |  50.0
   Vaults:1 |   33109 |   23019 |  41.0 |      50 |      18 |  26.5
   Vaults:2 |   57343 |   38743 |  40.3 |      99 |      41 |  29.3
   Vaults:3 |   32194 |   32624 |  50.3 |      46 |      45 |  49.5
   Vaults:4 |   32937 |   37210 |  53.0 |      45 |      52 |  53.6
   Vaults:5 |   21067 |  120813 |  85.2 |      33 |      84 |  71.8
    Crypt:1 |   15707 |    3330 |  17.5 |      35 |       2 |   5.4
    Crypt:2 |   23691 |   32679 |  58.0 |      38 |      22 |  36.7
    Crypt:3 |       0 |   68727 | 100.0 |       0 |      93 | 100.0
     Tomb:1 |   17713 |  174948 |  90.8 |      33 |      55 |  62.5
   Depths:1 |   36210 |   26932 |  42.7 |      33 |      13 |  28.3
   Depths:2 |   53512 |   18497 |  25.7 |      60 |      21 |  25.9
   Depths:3 |   38367 |   93194 |  70.8 |      45 |      66 |  59.5
   Depths:4 |   10469 |  122834 |  92.1 |       2 |      83 |  97.6
   Depths:5 |   72453 |   20872 |  22.4 |      59 |      12 |  16.9
       Hell |    8622 |   39222 |  82.0 |      12 |      51 |  81.0
      Dis:1 |   33515 |       0 |   0.0 |      68 |       0 |   0.0
      Dis:2 |    2173 |       0 |   0.0 |       3 |       0 |   0.0
      Dis:3 |     423 |       0 |   0.0 |       3 |       0 |   0.0
      Dis:4 |   16826 |       0 |   0.0 |      32 |       0 |   0.0
      Dis:5 |    2641 |       0 |   0.0 |       8 |       0 |   0.0
      Dis:6 |    4830 |       0 |   0.0 |       7 |       0 |   0.0
      Dis:7 |   62855 |  122883 |  66.2 |      88 |      87 |  49.7
    Abyss:1 |   72309 |    3946 |   5.2 |      78 |       3 |   3.7
    Abyss:2 |   89739 |       0 |   0.0 |     171 |       0 |   0.0
    Abyss:3 |   39799 |    8806 |  18.1 |      76 |      13 |  14.6
    Abyss:4 |   24611 |       0 |   0.0 |      24 |       0 |   0.0
    Abyss:5 |   65840 |   21822 |  24.9 |     103 |      33 |  24.3
        Pan |  357084 |  258323 |  42.0 |     454 |     191 |  29.6
      Zig:1 |    2009 |       0 |   0.0 |       2 |       0 |   0.0
      Zig:2 |    1683 |       0 |   0.0 |       4 |       0 |   0.0
      Zig:3 |    2376 |       0 |   0.0 |       5 |       0 |   0.0
      Zig:4 |    5792 |       0 |   0.0 |       4 |       0 |   0.0
      Zig:5 |    4093 |       0 |   0.0 |       8 |       0 |   0.0
      Zig:6 |   13303 |       0 |   0.0 |       6 |       0 |   0.0
      Zig:7 |   23876 |       0 |   0.0 |       7 |       0 |   0.0
      Zig:8 |    8335 |       0 |   0.0 |      18 |       0 |   0.0
      Zig:9 |   21793 |       0 |   0.0 |      17 |       0 |   0.0
     Zig:10 |   18215 |    2424 |  11.7 |      30 |       4 |  11.8
     Zig:11 |   15099 |       0 |   0.0 |      23 |       0 |   0.0
     Zig:12 |   22994 |       0 |   0.0 |      16 |       0 |   0.0
     Zig:13 |   25479 |    1983 |   7.2 |      30 |       4 |  11.8
     Zig:14 |   28567 |       0 |   0.0 |      34 |       0 |   0.0
     Zig:15 |   23850 |    4253 |  15.1 |      30 |       4 |  11.8
     Zig:16 |   55261 |       0 |   0.0 |      44 |       0 |   0.0
     Zig:17 |   31521 |       0 |   0.0 |      30 |       0 |   0.0
     Zig:18 |   61241 |       0 |   0.0 |      48 |       0 |   0.0
    Ossuary |       0 |     192 | 100.0 |       0 |      12 | 100.0
      IceCv |       0 |    9132 | 100.0 |       0 |      54 | 100.0
    Volcano |       0 |    7863 | 100.0 |       0 |      18 | 100.0
 Desolation |       0 |    4262 | 100.0 |       0 |      12 | 100.0
            +---------+---------+-------+---------+---------+-------
